Workbook

Sheet Start here
A1: Managed Care Program Annual Report (MCPAR) Workbook: A requirement of 42 CFR 438.66(e)
A2: Version 2024.2
A3: Overview
A4: What is a MCPAR? | B4: Beginning on June 28, 2021, the Centers for Medicare and Medicaid Services (CMS) is requiring that, as part of its monitoring system for all Medicaid managed care programs, each state must submit to CMS no later than 180 days after each contract year, a report on each managed care program administered by the State, regardless of the authority under which the program operates. (For purposes of the MCPAR, a program is defined by a specified set of benefits and eligibility criteria that is articulated in a contract between the state and managed care plans, and that has associated rate cells.) The initial report will be due for the contract year beginning on or after June 28, 2021; reports are required annually thereafter and aligned with state contract cycles (42 CFR 438.68(e)(1)). (See the Glossary tab for a definition of "reporting year;" see Instructions tab for example reporting timeframes.) This document provides instructions for data collection and a workbook for states to use to submit the required information, hereafter referred to as the Managed Care Program Annual Report (MCPAR).
A5: How to start a MCPAR | B5: States must complete one MCPAR workbook (i.e., complete lettered sheets A-E in this Excel file) for each managed care program operating in the state during the year. Data should cover the 12-month period of the contract term during which your state is reporting information to CMS; this is referred to as the "reporting year." Create one workbook per managed care program. You will submit MCPAR data to CMS through the MDCT-MCR online portal. Use this Excel workbook to help you plan and manage your data collection. You will not submit data to CMS through this Excel workbook. Upon completion, this MCPAR report must also be posted on your state's website as required at 438.66(e)(3)(i), and provided to the Medical Care Advisory Committee as required at 438.66(e)(i) and, if applicable, the MLTSS consultation group as required at 438.66(e)(iii). Post either the completed MCPAR Excel workbook or a 508 compliant PDF printout.
A6: When and how can I submit the official MCPAR? | B6: Submit the MCPAR through an online form at https://mdctmcr.cms.gov/. Refer to https://mdctmcr.cms.gov/ for more guidance on due dates.
A7: How does CMS define a program? | B7: For purposes of the MCPAR, a program is defined by a distinct set of benefits and eligibility criteria that is articulated in a contract between the state and managed care plans. "Programs" may also be differentiated from one another based on their associated rate cells.
A8: Where can I find more information about filling out this MCPAR? | B8: Refer to the Instructions and Glossary tabs.
A9: Who can I contact if I have questions? | B9: Email questions about MCPAR to ManagedCareTA@cms.hhs.gov
A11: Table of Contents
A12: Data on each topic is organized by reporting level: state, program, plan, and other entity (i.e. beneficiary support system). Within this report, states will find data elements with specific drop downs that CMS has pre-selected to standardize data across states, as well as places with instructions for states to report state-specific indicators or free text. Tabs are organized as follows:
A13: Tab Name | B13: Topic
A14: Instructions | B14: Instructions
A15: A_Program_Info | B15: Program information
A16: B_State | B16: State-Level Set Indicators
A17: C1_Program_Set | B17: Program-Level Set Indicators
A18: C2_Program_State | B18: Program-Level State-Specific Indicators
A19: D1_Plan_Set | B19: Plan-Level Set Indicators
A20: D2_Plan_Measures | B20: Plan-Level State-Specific Indicators: Quality and Performance Measures
A21: D3_Plan_Sanctions | B21: Plan-Level State-Specific Indicators: Sanctions
A22: D4_Plan_ILOS | B22: Plan-Level State-Specific Indicators: ILOS
A23: E_BSS_Entities | B23: Beneficiary Support System (BSS) Entities, Set Indicators
A24: Glossary
A25: Crosswalk | B25: List of all indicators in the MCPAR, crosswalked to the tab on which they appear
A27: PRA Disclosure and Accessibility Statements
A28: PRA Disclosure Statement | B28: According to the Paperwork Reduction Act of 1995, no persons are required to respond to a collection of information unless it displays a valid OMB control number. The valid OMB control number for this information collection is 0938-0920 (Expires: June 30,2024). The time required to complete this information collection is estimated to average 6 hours per response, including the time to review instructions, search existing data resources, gather the data needed, and complete and review the information collection. If you have comments concerning the accuracy of the time estimate(s) or suggestions for improving this form, please write to: CMS, 7500 Security Boulevard, Attn: PRA Reports Clearance Officer, Mail Stop C4-26-05, Baltimore, Maryland 21244-1850.
A29: Accessibility Statement | B29: Review CMS's commitment to Section 508 compliance: https://www.cms.gov/Research-Statistics-Data-and-Systems/CMS-Information-Technology/Section508

Sheet Instructions
A1: Reporting Instructions
A2: MCPAR Workbook Organization | B2: Consistent with 438.66(e), this template provides space for states to report indicators related to the following eleven topics: (I) Program Characteristics and Enrollment; (II) Financial Performance; (III) Encounter Data Reporting; (IV) Grievance, Appeals, and State Fair Hearings; (V) Availability, Accessibility, and Network Adequacy; (VI) Topic reserved; (VII) Quality and Performance Measures; (VIII) Sanctions and Corrective Action Plans; (IX) Beneficiary Support System; (X) Program Integrity; (XI) ILOS; and (XII) Mental Health and Substance Use Disorder Parity. Data on each topic is organized by reporting level: state, program, plan, and other entity (i.e., beneficiary support system). Within this report, states will find data elements with specific drop downs that CMS has pre-selected to standardize data across states, as well as places with instructions for states to report state-specific indicators or free text.
A3: Inputting data | B3: Enter information into tabs A-E, and only input values in white cells. Key terms are defined in the Glossary tab. Tabs D-E are designed to allow responses for multiple plans, Beneficiary Support System (BSS) entities, or In Lieu of Services and Settings (ILOS) offerings. There is space for up to 35 plans, 10 BSS entities, and 20 ILOS offerings. If your program's number of plans, BSS entities, or ILOS offerings exceeds the number for which space is available, duplicate these tabs to create sufficient space.
A4: Reporting timeframe | B4: The state must submit MCPARs to CMS no later than 180 days after each contract year. The initial MCPAR was due after the contract year following the release of CMS guidance on the content and form of the report (i.e., after release of this form) (42 CFR 438.68(e)(1). Example timeframe: States that have contracts on a fiscal year cycle (such as states with contracts running from July to June) would have their first required report due the following December. For states with calendar year contracts running January through December, reports would be due in June the following year.
A5: Exclusion of CHIP from MCPAR | B5: Separate CHIP enrollees and programs should not be reported in the MCPAR. Please use free text to flag any items for which the state is unable to remove information about Separate CHIP from required reporting for Medicaid-only or Medicaid Expansion CHIP programs.
A6: Preparing the first MCPAR | B6: CMS acknowledges that states may need to update their contracts with plans to collect some information requested in the MCPAR and that states will need time to create the first MCPAR report. CMS will be available to provide technical assistance to states to help prepare the MCPAR. Requests for technical assistance can be submitted to ManagedCareTA@cms.hhs.gov.
A7: Overlap with other state reporting requirements | B7: CMS acknowledges that some of the indicators requested in the MCPAR are also reported to CMS through other means. For example, state EQRO reports include measure validation results and measure rates for some or all measures collected by states, although measure rates may not be program specific and may not be reported for all managed care programs operating in the state in a given year. States should consider leveraging existing reports and/or contractors (such as EQROs) to populate the MCPAR. CMS will explore opportunities to align the MCPAR with other data collection efforts in future years.
A8: 1115 reports overlap | B8: Per 42 CFR 438.66(e)(1)(ii), states that operate managed care programs under 1115(a) authority may reference 1115 reports required by its Special Terms and Conditions (STCs) in lieu of entering an indicator into the MCPAR if the report includes the information required by the indicator including the same level of detail (e.g. plan-level data). However, CMS has worked to ensure that most of the managed care reporting requirements in the MCPAR are not duplicated in STCs; therefore, CMS anticipates few instances where the information required in 1115 quarterly and annual reports will directly overlap with what is required in the MCPAR. If a state would like assistance in determining whether an existing 1115 reporting requirement can be deemed to satisfy requirements of the MCPAR, please request technical assistance via ManagedCareTA@cms.hhs.gov.
A9: Data lags | B9: If the state does not have data available over the time period with which it is requested in the MCPAR, use the most recent data available and note the reporting period that the data covers.
A10: Plan Exceptions | B10: 1) PACE Programs do not need to submit the MCPAR report as they are not required to do so under 42 CFR 438.66(e). 2) MMPs are considered both considered both Medicaid and Medicare managed care plans and are not exempt from 42 CFR 438.66(e). Therefore, MMPs must be included in the MCPAR following the instructions provided with one exception; to reduce duplication, states that contract with MMPs will be permitted to complete Worksheet C2 (network adequacy standards) only for provider types that render Medicaid-only covered services. Network adequacy information for providers that render Medicare covered services should be reported as specified in the applicable three-way contract. 3) D-SNPs that hold a contract with the state to cover Medicaid benefits should be included in the MCPAR for services covered under their Medicaid contract. However, if those D-SNPs qualify as Applicable Integrated Plans (AIPs), because AIPs are required to unify the Medicaid and Medicare plan level appeals and grievances processes, states should only report appeal and grievances for Medicaid-only covered services on Worksheet D1. All other worksheets should be completed following the Instructions provided.
A11: Updated Questions | B11: The following questions were updated between versions 2024_v1 and 2024_v2 of the MCPAR. This includes new sections and questions, changes to question wording, and changes to response options: Section C1.XII -- Mental Health and Substance Use Disorder Parity: New section. [reporting required for 12/2024 submissions] D1.IV.1a-c -- Appeal Outcomes: New questions that ask for counts of appeals denied or favorable to the enrollee. [reporting required for 6/2025 submissions] D1.X.6 and D1.X.7 -- Program Integrity Referrals to the State: New response option added to questions that ask about the referral path that a plan uses to make program integrity referrals to the state. The new response option enables states to indicate that the plan makes referrals to the state Medicaid agency only. [effective immediately] D1.X.9a-d -- Overpayment Reporting: Refined question D.X.9, which was a free-text question asking for multiple pieces of information, now split into four questions. [effective immediately] D3.VIII.2 -- Sanctions: Intervention Topic was renamed "Plan performance issue." Added Mental Health and Substance Use Disorder Parity compliance as a response option under "Plan performance issue" and renamed "Excess charges" as "Financial issues." [effective immediately] Section D4.XI -- In Lieu of Services and Settings: New section. [reporting required for 12/2025 submissions]

Sheet A_Program_Info
A1: [A] Program Information
A2: # | B2: Question or Indicator | C2: Instruction | D2: Your Response
A3: A.1 | B3: State name | C3: Select the state for which you are submitting this report. | D3: Massachusetts
A4: A.2a | B4: Contact name | C4: Enter person's name or a position title for CMS to contact with questions about this report. States that do not wish to list a specific individual on the report are encouraged to use a department or program-wide email address that will allow anyone with questions to quickly reach someone who can provide answers. | D4: Alison Kirchgasser
A5: A.2b | B5: Contact email address | C5: Enter email address. Department or program-wide email addresses ok. | D5: alison.kirchgasser@mass.gov
A6: A.3a | B6: Submitter name | C6: Enter your name as the person submitting the report. | D6: Alison Kirchgasser
A7: A.3b | B7: Submitter email address | C7: Enter your email address as the person submitting the report. | D7: alison.kirchgasser@mass.gov
A8: A.4 | B8: Date of report submission | C8: Enter the date the report is being submitted to CMS.
A9: A.5a | B9: Reporting period start date | C9: Enter the start date of the reporting period represented in the report. | D9: 45292
A10: A.5b | B10: Reporting period end date | C10: Enter the end date of the reporting period represented in the report. | D10: 45657
A11: A.6 | B11: Program name | C11: Enter name of the program for which the state is reporting data. For this report, a program is defined by a contract between the state and a managed care plan (or group of plans), which articulates a standard set of benefits, eligibility criteria, reporting requirements, and has a set of rate cells specific to that program. | D11: Accountable Care Partnership Plan (ACPP)
A12: A.7 | B12: Plan 1 | C12: Enter the name of each plan that participates in the program for which the state is reporting data. If the program contracts with fewer than 35 plans, leave unused fields blank. | D12: Be Healthy Partnership Plan
B13: Plan 2 | D13: Berkshire Fallon Health Collaborative
B14: Plan 3 | D14: Fallon 365 Care
B15: Plan 4 | D15: Fallon Health-Atrius Health Care Collaborative
B16: Plan 5 | D16: Mass General Brigham Health Plan with Mass General Brigham ACO
B17: Plan 6 | D17: Tufts Health Together with Cambridge Health Alliance (CHA)
B18: Plan 7 | D18: Tufts Health Together with UMass Memorial Health
B19: Plan 8 | D19: East Boston Neighborhood Health WellSense Alliance
B20: Plan 9 | D20: WellSense Beth Israel Lahey Health (BILH) Performance Network ACO
B21: Plan 10 | D21: WellSense Boston Children's ACO
B22: Plan 11 | D22: WellSense Care Alliance
B23: Plan 12 | D23: WellSense Community Alliance
B24: Plan 13 | D24: WellSense Mercy Alliance
... B26: Plan 15 | D26: WellSense Southcoast Alliance
B27: Plan 16
B28: Plan 17
B29: Plan 18
B30: Plan 19
B31: Plan 20
B32: Plan 21
B33: Plan 22
B34: Plan 23
B35: Plan 24
B36: Plan 25
B37: Plan 26
B38: Plan 27
... B46: Plan 35
A47: A.8 | B47: BSS entity 1 | C47: Enter the names of the beneficiary support system (BSS) entities that support enrollees in the program for which the state is reporting data. If the program contracts with fewer than 10 BSS entities, leave unused fields blank. If the program includes more than 10 BSS entities, contact CMS for guidance. | D47: Automated Health Systems (AHS)
B48: BSS entity 2 | D48: My Ombudsman
B49: BSS entity 3
B50: BSS entity 4
B51: BSS entity 5
B52: BSS entity 6
B53: BSS entity 7
B54: BSS entity 8
B55: BSS entity 9
B56: BSS entity 10
A57: A.9 | B57: ILOS 1 | C57: This section must be completed if any ILOSs other than short term stays in an Institution for Mental Diseases (IMD) are authorized for this managed care program. Enter the name of each ILOS offered as it is identified in the managed care plan contract(s). Guidance on ILOS is available on Medicaid.gov.
B58: ILOS 2
B59: ILOS 3
B60: ILOS 4
B61: ILOS 5
B62: ILOS 6
B63: ILOS 7
B64: ILOS 8
B65: ILOS 9
B66: ILOS 10
B67: ILOS 11
B68: ILOS 12
B69: ILOS 13
... B76: ILOS 20

Sheet B_State
A1: [B] State-Level Indicators
A2: # | B2: Indicator | C2: Instruction | D2: Your Response
A3: I. Program Characteristics and Enrollment
A4: B.I.1 | B4: Statewide Medicaid enrollment | C4: Enter the average number of individuals enrolled in Medicaid per month during the reporting year (i.e., average member months). Include all FFS and managed care enrollees and count each person only once, regardless of the delivery system(s) in which they are enrolled. | D4: 2084533
A5: B.I.2 | B5: Statewide Medicaid managed care enrollment | C5: Enter the average number of individuals enrolled in any type of Medicaid managed care per month during the reporting year (i.e., average member months). Include all managed care programs and count each person only once, even if they are enrolled in multiple managed care programs or plans. | D5: 1441275
A6: III. Encounter Data Reporting
A7: B.III.1 | B7: Data validation entity | C7: Select the state agency/division or contractor tasked with evaluating the validity of encounter data submitted by MCPs. Encounter data validation includes verifying the accuracy, completeness, timeliness, and/or consistency of encounter data records submitted to the state by Medicaid managed care plans. Validation steps may include pre-acceptance edits and post-acceptance analyses. (See Glossary definition for more information.) | D7: State Medicaid agency staff
A8: B.III.2 | B8: HIPAA compliance of proprietary system(s) for encounter data validation | C8: If the state selected “proprietary system(s)” in previous question, were the system(s) utilized fully HIPAA compliant? Select one.
A9: X. Program Integrity
A10: B.X.1 | B10: Payment risks between the state and plans | C10: Describe service-specific or other focused PI activities that the state conducted during the past year in this managed care program. Examples include analyses focused on use of long-term services and supports (LTSS) or prescription drugs or activities that focused on specific payment issues to identify, address, and prevent fraud, waste or abuse. Consider data analytics, reviews of under/overutilization, and other activities. If no PI activities were performed, enter 'No PI activities were performed during the reporting period' as your response. 'N/A' is not an acceptable response. | D10: The MassHealth Program Integrity Unit and Compliance Unit met quarterly with ACPPs to discuss contract management and topics related to controls against fraud, waste and abuse, including but not limited to recent trends, audits, overpayment issues, reporting, and best practices for program integrity controls. In addition, MassHealth reviewed the ACPPs annual Compliance Plan and Anti-Fraud, Waste and Abuse Plan, in order to ensure compliance with applicable contract requirements and to ensure ACPPs have appropriate controls in place. In addition, in January and July 2024, MassHealth continued to collect and review ACPPs Summary of Provider Overpayments Report. This semi-annual report includes all overpayments identified during the prior Contract Year through present, including all investigatory and recovery activity related to such overpayments. These reports now provide MassHealth with comprehensive information related to the impact of ACPPs’ controls, including the breadth of provider types reviewed and methodologies employed; the number and amount of overpayments identified and recovered by ACPPs; the reasons for overpayments; next steps and actions taken; and claim-level detail to enable validation of recovery activity in the encounter data and financial reporting. In Contract Year 2024, MassHealth’s primary focus was on ensuring compliance with these requirements. MassHealth utilized information contained in the Summary of Provider Overpayments reports to share best practices across ACPPs to monitor performance management and enforce the relevant contract provisions related to overpayments that the plans may have failed to identify and/or recover. The strengthening of ACPP contractual provisions related to overpayments in 2023, allowed MassHealth expanded oversight of ACPP to include direct audits of ACPP providers and encounters for Contract Year 2024, for dates of services in 2023. Audit findings and overpayments identified through encounter analysis for these findings were shared with ACPPs for collection in Q1 of 2025.
A11: B.X.2 | B11: Contract standard for overpayments | C11: Does the state allow plans to retain overpayments, require the return of overpayments, or has established a hybrid system? Select one. | D11: State has established a hybrid system
A12: B.X.3 | B12: Location of contract provision stating overpayment standard | C12: Describe where the overpayment standard in the previous indicator is located in plan contracts, as required by 42 CFR 438.608(d)(1)(i). | D12: 2.3.D.4.b
A13: B.X.4 | B13: Description of overpayment contract standard | C13: Briefly describe the overpayment standard (for example, details on whether the state allows plans to retain overpayments, requires the plans to return overpayments, or administers a hybrid system) selected in indicator B.X.2. | D13: If a plan identifies an overpayment prior to the state, the plan shall recover the overpayment and may retain the overpayment. If no collection action is taken by the plan within 180 days, the plan must report that no action was taken and provide a justification for failure to recover. If the state identifies an overpayment prior to the plan, the state may explore options, up to and including recovering the overpayment from the plan.
A14: B.X.5 | B14: State overpayment reporting monitoring | C14: Describe how the state monitors plan performance in reporting overpayments to the state, e.g. does the state track reporting from plans with requirements and/or timeliness of reporting? The regulations at 438.604(a)(7), 608(a)(2) and 608(a)(3) require plan reporting to the state on various overpayment topics (whether annually or promptly). This indicator is asking the state how it monitors that reporting. | D14: ACPPs are contractually required to submit the following overpayment reports: (1) Notification of Provider Overpayments (ad hoc within 5 days of overpayment identification); (2) Response to Overpayments Identified by EOHHS Report (ad hoc) (3) Agreed Upon Overpayments Collection Report (ad hoc); (4) Self-Reported Disclosures Report (ad hoc); (5) Summary of Provider Overpayments (semi-annually); and (5) Program Integrity Compliance Plan and Anti-Fraud, Waste and Abuse Plan (annual). Each of the ad hoc reports are screened by MassHealth. The semi annual and annual reports are reviewed by MassHealth for compliance, performance management, and best practices.
A15: B.X.6 | B15: Changes in beneficiary circumstances | C15: Describe how the state ensures timely and accurate reconciliation of enrollment files between the state and plans to ensure appropriate payments for enrollees experiencing a change in status (e.g., incarcerated, deceased, switching plans). | D15: Plans must report to EOHHS when they receive information on a change in Enrollee circumstances which may impact their eligibility primarily via a daily enrollment file exchange. The state and the plans use the daily enrollment files and other reporting to reconcile changes in Enrollee enrollment status, including but not limited to, a change in an Enrollee's residence, identification of TPL, or death of an Enrollee. Plans must have member permission to report a change of residence.
A16: B.X.7a | B16: Changes in provider circumstances: Monitoring plans | C16: Does the state monitor whether plans report provider “for cause” terminations in a timely manner under 42 CFR 438.608(a)(4)? Select one. | D16: Yes
A17: B.X.7b | B17: Changes in provider circumstances: Metrics | C17: If the state monitors whether plans report provider “for cause” terminations in a timely manner in the previous indicator, does the state use a metric or indicator to assess plan reporting performance? Select one. | D17: Yes
A18: B.X.7c | B18: Changes in provider circumstances: Describe metric | C18: If the state uses a metric or indicator to assess plan reporting performance in item B.X.7b, describe the metric or indicator that the state uses. | D18: Plans must report no later than five business days when it receives information about a change in a provider's circumstances that may impact its ability to participate in the plan's network or the state.
A19: B.X.8a | B19: Federal database checks: Excluded person or entities | C19: During the state's federal database checks, did the state find any person or entity excluded? Select one. Consistent with the requirements at 42 CFR 455.436 and 438.602, the State must confirm the identity and determine the exclusion status of the MCO, PIHP, PAHP, PCCM or PCCM entity, any subcontractor, as well as any person with an ownership or control interest, or who is an agent or managing employee of the MCO, PIHP, PAHP, PCCM or PCCM entity through routine checks of Federal databases. | D19: No
A20: B.X.8b | B20: Federal database checks: Summarize instances of exclusion | C20: If the state responded "yes" to the previous indicator, summarize the instances and whether the entity was notified as required in 438.602(d). Enter N/A if not applicable. Report actions taken, such as plan-level sanctions and corrective actions.
A21: B.X.9a | B21: Website posting of 5 percent or more ownership control | C21: Does the state post on its website the names of individuals and entities with 5% or more ownership or control interest in MCOs, PIHPs, PAHPs, PCCMs and PCCM entities and subcontractors? Refer to §455.104 and required by 42 CFR 438.602(g)(3). | D21: No
A22: B.X.9b | B22: Website posting of 5 percent or more ownership control | C22: If the state responded "yes" in the previous indicator, what is the link to the website? Enter N/A if not applicable. Refer to 42 CFR 602(g)(3).
A23: B.X.10 | B23: Periodic audits | C23: If the state conducted any audits during the contract year to determine the accuracy, truthfulness, and completeness of the encounter and financial data submitted by the plans, provide the link(s) to the audit results. Refer to 42 CFR 438.602(e). If no audits were conducted, please enter 'No such audits were conducted during the reporting year' as your response. 'N/A' is not an acceptable response. | D23: The State implemented the requirement in July 2023 by contracting a vendor to conduct an independent audit of the accuracy, truthfulness, and completeness of the encounter and financial data submitted by, or on behalf of, each MCO, PIHP or PAHP. Audit work has been ongoing since implementation and is being conducted in two parts, with Managed Care Organizations, Accountable Care Organizations, and the Massachusetts Behavioral Health Partnership audited in the first year and the Senior Care Options Plans and One Care Plans in the second year. The auditor will be able to complete its reporting for the first round of audits following final calculations of RY22 risk sharing reconciliation. MassHealth has completed its final RY22 reconciliation calculations and anticipates plans completing their provider-level reconciliations, if any, in the coming months. We anticipate the first round of audit reports will be complete thereafter.

Sheet C1_Program_Set
A1: [C1] Program-Level, Set Indicators
A2: # | B2: Indicator | C2: Instruction | D2: Your Response
A3: I. Program Characteristics and Enrollment
A4: C1.I.1 | B4: Program contract | C4: Enter the title and date of the contract between the state and plans participating in the managed care program. | D4: Accountable Care Partnership Plan (ACPP) Contract - 4/1/2023
A5: C1.I.2 | B5: Contract URL | C5: Provide the hyperlink to the model contract or landing page for executed contracts for the program reported in this program. | D5: Accountable Care Partnership Plan Contracts | Mass.gov
A6: C1.I.3 | B6: Program type | C6: What is the type of MCPs that contract with the state to provide the services covered under the program? Select one. | D6: Managed Care Organization (MCO)
A7: C1.I.4a | B7: Special program benefits | C7: Are any of the four special benefit types covered by the managed care program: (1) behavioral health, (2) long-term services and supports, (3) dental, and (4) transportation, or (5) none of the above? Select one or more. Only list the benefit type if it is a covered service as specified in a contract between the state and managed care plans participating in the program. Benefits available to eligible program enrollees via fee-for-service should not be listed here. | D7: 1, 4
A8: C1.I.4b | B8: Variation in special benefits | C8: Are there any variations in the availability of special benefits within the program (e.g. by service area or population)? Enter "N/A" if not applicable. | D8: Benefits vary by coverage type. Note that ACPP plans cover emergency transportation and certain non-emergent, out-of-state transportation.
A9: C1.I.5 | B9: Program enrollment | C9: Enter the average number of individuals enrolled in this managed care program per month during the reporting year (i.e., average member months). | D9: 866041
A10: C1.I.6 | B10: Changes to enrollment or benefits | C10: Briefly explain any major changes to the population enrolled in or benefits provided by the managed care program during the reporting year. If there were no major changes, please enter 'There were no major changes to the population or benefits during the reporting year' as your response. 'N/A' is not an acceptable response. | D10: There were no major changes to the population or benefits during the reporting year
A11: III. Encounter Data Reporting
A12: C1.III.1 | B12: Uses of encounter data | C12: For what purposes does the state use encounter data collected from managed care plans (MCPs)? Select one or more and/or use free text for "other". Federal regulations require that states, through their contracts with MCPs, collect and maintain sufficient enrollee encounter data to identify the provider who delivers any item(s) or service(s) to enrollees (42 CFR 438.242(c)(1)). | D12: Rate Setting - Yes Quality/Performance Measurement - Yes Monitoring & Reporting - Yes Contract Oversight - Yes Program Integrity - Yes Policy Making and Decision Support - Yes
A13: C1.III.2 | B13: Criteria/ measures used to evaluate MCP performance | C13: What types of measures are used by the state to evaluate managed care plan performance in encounter data submission and correction? Select one or more and/or use free text for "other". Federal regulations also require that states validate that submitted enrollee encounter data they receive is a complete and accurate representation of the services provided to enrollees under the contract between the state and the MCO, PIHP, or PAHP. 42 CFR 438.242(d). | D13: Timeliness of initial data submission - Yes Timeliness of data corrections - Yes Timeliness of Data Certifications - No Use of correct file formats - Yes Provider ID field complete - No Overall data accuracy - Yes
A14: C1.III.3 | B14: Encounter data performance criteria contract language | C14: Provide reference(s) to the contract section(s) that describe the criteria by which managed care plan performance on encounter data submission and correction will be measured. Use contract section references, not page numbers. | D14: 2.15.B Appendix E
A15: C1.III.4 | B15: Financial penalties contract language | C15: Provide reference(s) to the contract section(s) that describes any financial penalties the state may impose on plans for the types of failures to meet encounter data submission and quality standards. Use contract section references, not page numbers. | D15: 2.15.B 5.4., including 5.4.D
A16: C1.III.5 | B16: Incentives for encounter data quality | C16: Describe the types of incentives that may be awarded to managed care plans for encounter data quality. Reply with N/A if the plan does not use incentives to award encounter data quality. | D16: N/A
A17: C1.III.6 | B17: Barriers to collecting/validating encounter data | C17: Describe any barriers to collecting and/or validating managed care plan encounter data that the state has experienced during the reporting year. If there were no barriers, please enter 'The state did not experience any barriers to collecting or validating encounter data during the reporting year' as your response. 'N/A' is not an acceptable response. | D17: The current encounter data submission system has limited front-end validations, resulting in some data quality errors. The state anticipates forthcoming stronger front-end encounter data validations that reject non-conforming records will help. Beginning in early 2026, managed care plans will submit encounter data through the Standardized Encounter Data Program (SENDPro) application using the industry standard Electronic Data Interchange (EDI) X12 837 Post Adjudicated Claims Data Reporting (PACDR) format and the National Council for Prescription Drug Programs (NCPDP) Post Adjudication V51 Standard format, for medical and pharmacy MassHealth encounters, respectively.
A18: IV. Appeals, State Fair Hearings & Grievances
A19: C1.IV.1 | B19: State's definition of "critical incident," as used for reporting purposes in its MLTSS program | C19: If this report is being completed for a managed care program that covers LTSS, what is the definition that the state uses for "critical incidents" within the managed care program? Respond with "N/A" if the managed care program does not cover LTSS. | D19: N/A
A20: C1.IV.2 | B20: State definition of "timely" resolution for standard appeals | C20: Provide the state's definition of timely resolution for standard appeals in the managed care program. Per 42 CFR §438.408(b)(2), states must establish a timeframe for timely resolution of standard appeals that is no longer than 30 calendar days from the day the MCO, PIHP or PAHP receives the appeal. | D20: For standard resolution of Internal Appeals and notice to the affected parties, no more than 30 calendar days from the date the Contractor received either in writing or orally, whichever comes first, the Enrollee request for an Internal Appeal, unless this timeframe is extended under applicable contract provisions.
A21: C1.IV.3 | B21: State definition of "timely" resolution for expedited appeals | C21: Provide the state's definition of timely resolution for expedited appeals in the managed care program. Per 42 CFR §438.408(b)(3), states must establish a timeframe for timely resolution of expedited appeals that is no longer than 72 hours after the MCO, PIHP or PAHP receives the appeal. | D21: For expedited resolution of Internal Appeals and notice to affected parties, no more than 72 hours from the date the Contractor received the expedited Internal Appeal, unless this timeframe is extended under applicable contract provisions.
A22: C1.IV.4 | B22: State definition of "timely" resolution for grievances | C22: Provide the state's definition of timely resolution for grievances in the managed care program. Per 42 CFR §438.408(b)(1), states must establish a timeframe for timely resolution of grievances that is no longer than 90 calendar days from the day the MCO, PIHP or PAHP receives the grievance. | D22: For the standard resolution of Grievances and notice to affected parties, no more than 30 calendar days from the date the Contractor received the Grievance, either orally or in writing from a valid party.
A23: V. Availability, Accessibility, and Network Adequacy
A24: C1.V.1 | B24: Gaps/challenges in network adequacy | C24: What are the state’s biggest challenges? Describe any challenges MCPs have maintaining adequate networks and meeting access standards. If the state and MCPs did not encounter any challenges, please enter 'No challenges were encountered' as your response. 'N/A' is not an acceptable response. | D24: MassHealth ACPPs face similar challenges to those faced by all other plans (including those in the commercial insurance space) with the availability of providers for certain specialties and behavioral health services in underserved areas. Additionally, MassHealth's PCP exclusivity requirements also present some challenges as primary care practices can only serve members in one ACPP.
A25: C1.V.2 | B25: State response to gaps in network adequacy | C25: How does the state work with MCPs to address gaps in network adequacy? | D25: MassHealth uses its contract to enforce standards that protect access to care. When issues arise, we connect with ACPP key contacts to identify the issue, develop a long term plan to correct the issue, and a plan to preserve member access to services while the underlying issue is being addressed. When appropriate MassHealth also engages with our clinical staff to speak with the MCP. MassHealth has included many tools in its contracts to address non-compliance including corrective workplan, formal corrective action plan, sanctions, or contract termination.
A26: IX. Beneficiary Support System (BSS)
A27: C1.IX.1 | B27: BSS website | C27: List the website(s) and/or email address(es) that beneficiaries use to seek assistance from the BSS through electronic means. Separate entries with commas. | D27: member-issues@masshealthquestions.com, www.mass.gov/info-details/contact-masshealth-information-for-members, Disability Accommodations Ombudsman email: ADAAccommodations@mass.gov, info@myombudsman.org (email); www.myombudsman.org (general information)
A28: C1.IX.2 | B28: BSS auxiliary aids and services | C28: How do BSS entities offer services in a manner that is accessible to all beneficiaries who need their services, including beneficiaries with disabilities, as required by 42 CFR 438.71(b)(2))? 42 CFR 438.71 requires that the beneficiary support system be accessible in multiple ways including phone, Internet, in-person, and via auxiliary aids and services when requested. | D28: AHS - Contract complies with the 42 CFR 438.71(b)(2) accessibility requirements to accommodate members with disabilities. AHS is required to comply with the ADA and Section 504 of the Rehabilitation Act of 1973 (Section 504) (29 USC §794) and ensure that beneficiaries with disabilities are provided with reasonable accommodations, which include but are not limited to: 1. Providing assistance to customers with visual impairments (e.g., large print versions of all written materials); 2. Providing auxiliary aids and services; 3. Ensuring that all written materials are available in formats compatible with optical recognition software; 4. Reading notices and other written materials to individuals upon request; 5. Assisting Customers to complete forms; 6. Ensuring effective communication with individuals with disabilities through email, telephone, and other electronic means; 7. Ensuring the Contractor’s website complies with all ADA and Section 504 requirements, as well as ITD requirements for accessibility and other Commonwealth and EOHHS requirements; 8. Providing TTY, computer-aided transcription services, telephone handset amplifiers, assistive listening systems, closed caption decoders, videotext displays and qualified interpreters for the deaf; and 9. Providing individualized assistance, as necessary. My Ombudsman: • Can be reached by phone (855-781-9898); videophone (for Deaf and Hard of Hearing members: 339-224-6831); via email (info@myombudsman.org) and in person (drop in or by appointment) on certain days. They also have virtual resources on their website: www.myombudsman.org • Have a fully accessible physical location that members may go to for drop in or in-person assistance on certain days • Maintains Vlogs (Video Blog) that provide information about My Ombudsman in ASL (all currently on YouTube) and other MH topics for Deaf and Hard of Hearing members. • Provides My Ombudsman information in large print. • Their website has an application that allows users with specific disabilities to adjust the website’s design to their personal needs to ensure accessibility. • Uses technology such as QR codes to help make materials more accessible to those with vision disabilities. • has in-house staff who can provide services to One Care enrollees in American Sign Language (ASL), Hindi, Spanish, and Haitian-Creole. • can provide additional interpreters for all its services and activities in over 165 different languages (upon request). • provides My Ombudsman informational materials in English, Chinese, Haitian-Creole, Portuguese, Russian, Spanish, and Vietnamese. • Provides additional language translation services as needed. • Also does in-person and virtual outreach with community based organizations and at community events.
A29: C1.IX.3 | B29: BSS LTSS program data | C29: How do BSS entities assist the state with identifying, remediating, and resolving systemic issues based on a review of LTSS program data such as grievances and appeals or critical incident data? Refer to 42 CFR 438.71(d)(4). | D29: N/A
A30: C1.IX.4 | B30: State evaluation of BSS entity performance | C30: How does the state evaluate the quality, effectiveness, and efficiency of the BSS entities' performance? | D30: AHS - The State evaluates AHS’s quality, effectiveness, and efficiency through various contract management, internal controls, and reporting requirements. For example, Section 2.10 of AHS’s contract requires that AHS participate in contract management meetings on an ad hoc quarterly basis to address project plans, operational issues, progress toward annual goals, and the status of any Quality Improvement Projects. Upon the State’s request, AHS is also required to work with EOHHS and designated vendors to enhance program and operational efficiency. AHS is further required to conduct an independent annual compliance audit, cooperate and participate in program or financial audits and maintain and submit to EOHHS fraud, waste, and abuse protocols (see Section 2.9). AHS is also required to submit standard reports on a weekly, monthly, quarterly and ad hoc basis (see Section 2.5). AHS is further required to use principles of continuous quality improvement to satisfy its obligations under its contract, which include analyzing data measuring contractor performance, training staff, recommending operational improvements, and identifying and implementing Quality Improvement Projects and related reports (see Section 2.6). My Ombudsman - The State evaluates My Ombudsman’s quality, effectiveness and efficiency through various contract management, internal controls and reporting requirements; through routine review of satisfaction survey data (My Ombudsman asks each member they work with to complete a survey to evaluate their satisfaction with services once a case has been closed); and through weekly case meetings
A31: X. Program Integrity
A32: C1.X.3 | B32: Prohibited affiliation disclosure | C32: Did any plans disclose prohibited affiliations? If the state took action, enter those actions on Tab D3 Sanctions. Select one. Refer to 42 CFR 438.610(d). | D32: No
A33: XII. Mental Health and Substance Use Disorder Parity
A34: Beginning December 2024, this section must be completed for programs that include MCOs.
A35: C1.XII.4 | B35: Does this program include MCOs? | C35: If "Yes," please complete the following questions. | D35: Yes
A36: C1.XII.5 | B36: Are ANY services provided to MCO enrollees by a PIHP, PAHP, or FFS delivery system? | C36: (i.e., some services are delivered via fee for service (FFS), prepaid inpatient health plan (PIHP), or prepaid ambulatory health plan (PAHP) delivery system) | D36: Yes
A37: C1.XII.6 | B37: Did the State or MCOs complete the analysis(es)? | D37: MCO
A38: C1.XII.7a | B38: Have there been any events in the reporting period that necessitated an update to the parity analysis(es)? | C38: (e.g., changes in benefits, quantitative treatment limits (QTLs), non-quantitative treatment limits (NQTLs), or financial requirements; the addition of a new managed care plan (MCP) providing services to MCO enrollees; and/or deficiencies corrected) | D38: No
A39: C1.XII.7b | B39: Describe the event(s) that necessitated an update to the parity analysis(es). | C39: If the state responded "Yes" to the previous indicator, select all that apply.
A40: C1.XII.8 | B40: When was the last parity analysis(es) for this program completed? | C40: States with ANY services provided to MCO enrollees by an entity other than an MCO should report the date the state completed its most recent summary parity analysis report. States with NO services provided to MCO enrollees by an entity other than an MCO should report the most recent date any MCO sent the state its parity analysis (the state may have multiple reports, one for each MCO). MM/DD/YYYY | D40: 45627
A41: C1.XII.9 | B41: When was the last parity analysis(es) for this program submitted to CMS? | C41: State with ANY services provided to MCO enrollees by an entity other than an MCO should report the date the state's most recent summary parity analysis report was submitted to CMS. States with NO services provided to MCO enrollees by an entity other than an MCO should report the most recent date the state submitted any MCO's parity report to CMS (the state may have multiple parity reports, one for each MCO). MM/DD/YYYY | D41: 45771
A42: C1.XII.10a | B42: In the last analysis(es) conducted, were any deficiencies identified? | D42: No
A43: C1.XII.10b | B43: In the last analysis(es) conducted, describe all deficiencies identified. | C43: If the state responded "Yes" to the previous indicator, complete this indicator. (Free text)
A44: C1.XII.11a | B44: As of the end of this reporting period, have these deficiencies been resolved for all plans? | C44: If the state responded "Yes" to C1.XII.10a, complete this indicator.
A45: C1.XII.11b | B45: If deficiencies have not been resolved, select all that apply. | C45: If the state responded "No" to the previous indicator, complete this indicator.
A46: C1.XII.12a | B46: Has the state posted the current parity analysis(es) covering this program on its website? | C46: The current parity analysis/analyses must be posted on the state Medicaid program website. States with ANY services provided to MCO enrollees by an entity other than MCO should have a single state summary parity analysis report. States with NO services provided to MCO enrollees by an entity other than the MCO may have multiple parity reports (by MCO), in which case all MCOs' separate analyses must be posted. A "Yes" response means that the parity analysis for either the state or for ALL MCOs has been posted. | D46: Yes
A47: C1.XII.12b | B47: Provide the URL link(s). | C47: If the state responded "Yes" to C1.XII.12a, complete this indicator. Response must be a valid hyperlink/URL beginning with "https://" or "htttps://". Separate links with commas. | D47: download
A48: C1.XII.12c | B48: When will the state post the current parity analysis(es) on its State Medicaid website in accordance with 42 CFR § 438.920(b)(1)? | C48: If the state responded "No" to C1.XII.12a, complete this indicator. MM/DD/YYYY

Sheet C2_Program_State
A1: [C2] Program-Level, State-Specific Indicators: Availability, Accessibility, and Network Adequacy
A2: # | B2: Indicator | C2: Instruction | D2: Measure #1 | E2: Measure #2 | F2: Measure #3 | G2: Measure #4 | H2: Measure #5 | I2: Measure #6 | J2: Measure #7 | K2: Measure #8 | L2: Measure #9 | M2: Measure #10 | N2: Measure #11 | O2: Measure #12 | P2: Measure #13 | Q2: Measure #14 | R2: Measure #15 | S2: Measure #16 | T2: Measure #17 | U2: Measure #18 | V2: Measure #19 | W2: Measure #20 | X2: Measure #21 | Y2: Measure #22 | Z2: Measure #23 | AA2: Measure #24 | AB2: Measure #25 | AC2: Measure #26 | AD2: Measure #27 | AE2: Measure #28 | AF2: Measure #29 | AG2: Measure #30 | AH2: Measure #31 | AI2: Measure #32 | AJ2: Measure #33 | AK2: Measure #34 | AL2: Measure #35 | AM2: Measure #36 | AN2: Measure #37 | AO2: Measure #38 | AP2: Measure #39 | AQ2: Measure #40 | AR2: Measure #41 | AS2: Measure #42 | AT2: Measure #43 | AU2: Measure #44 | AV2: Measure #45 | AW2: Measure #46 | AX2: Measure #47 | AY2: Measure #48 | AZ2: Measure #49 | BA2: Measure #50 | BB2: Measure #51 | BC2: Measure #52 | BD2: Measure #53 | BE2: Measure #54 | BF2: Measure #55 | BG2: Measure #56 | BH2: Measure #57 | BI2: Measure #58 | BJ2: Measure #59 | BK2: Measure #60 | BL2: Measure #61 | BM2: Measure #62 | BN2: Measure #63 | BO2: Measure #64 | BP2: Measure #65 | BQ2: Measure #66 | BR2: Measure #67 | BS2: Measure #68 | BT2: Measure #69 | BU2: Measure #70 | BV2: Measure #71 | BW2: Measure #72 | BX2: Measure #73 | BY2: Measure #74 | BZ2: Measure #75 | CA2: Measure #76 | CB2: Measure #77 | CC2: Measure #78 | CD2: Measure #79 | CE2: Measure #80 | CF2: Measure #81 | CG2: Measure #82 | CH2: Measure #83 | CI2: Measure #84 | CJ2: Measure #85 | CK2: Measure #86 | CL2: Measure #87 | CM2: Measure #88
A3: Instruction
A4: Describe the measures the state uses to monitor availability, accessibility, and network adequacy. Report at the program level.
A6: Background
A7: Revisions to the Medicaid managed care regulations in 2016 and 2020 built on existing requirements that managed care plans maintain provider networks sufficient to ensure adequate access to covered services by: (1) requiring states to develop quantitative network adequacy standards for at least eight specified provider types if covered under the contract, and to make these standards available online; (2) strengthening network adequacy monitoring requirements; and (3) addressing the needs of people with long-term care service needs (42 CFR 438.66; 42 CFR 438.68). 42 CFR 438.66(e) specifies that the MCPAR must provide information on and an assessment of the availability and accessibility of covered services within the MCO, PHIP, or PAHP contracts, including network adequacy standards for each managed care program.
A8: V. Availability, Accessibility & Network Adequacy
A9: C2.V.1 | B9: General category | C9: Select one | D9: General quantitative availability and accessibility standard | E9: General quantitative availability and accessibility standard | F9: General quantitative availability and accessibility standard | G9: General quantitative availability and accessibility standard | H9: General quantitative availability and accessibility standard | I9: General quantitative availability and accessibility standard | J9: General quantitative availability and accessibility standard | K9: General quantitative availability and accessibility standard | L9: General quantitative availability and accessibility standard | M9: General quantitative availability and accessibility standard | N9: General quantitative availability and accessibility standard | O9: General quantitative availability and accessibility standard | P9: General quantitative availability and accessibility standard | Q9: General quantitative availability and accessibility standard | R9: General quantitative availability and accessibility standard | S9: General quantitative availability and accessibility standard | T9: General quantitative availability and accessibility standard | U9: General quantitative availability and accessibility standard | V9: General quantitative availability and accessibility standard | W9: General quantitative availability and accessibility standard | X9: General quantitative availability and accessibility standard | Y9: General quantitative availability and accessibility standard | Z9: General quantitative availability and accessibility standard | AA9: General quantitative availability and accessibility standard | AB9: General quantitative availability and accessibility standard | AC9: General quantitative availability and accessibility standard | AD9: General quantitative availability and accessibility standard | AE9: General quantitative availability and accessibility standard | AF9: General quantitative availability and accessibility standard | AG9: General quantitative availability and accessibility standard | AH9: General quantitative availability and accessibility standard | AI9: General quantitative availability and accessibility standard | AJ9: General quantitative availability and accessibility standard | AK9: General quantitative availability and accessibility standard | AL9: General quantitative availability and accessibility standard | AM9: General quantitative availability and accessibility standard | AN9: General quantitative availability and accessibility standard | AO9: General quantitative availability and accessibility standard | AP9: General quantitative availability and accessibility standard | AQ9: General quantitative availability and accessibility standard | AR9: General quantitative availability and accessibility standard | AS9: General quantitative availability and accessibility standard | AT9: General quantitative availability and accessibility standard | AU9: General quantitative availability and accessibility standard | AV9: General quantitative availability and accessibility standard | AW9: General quantitative availability and accessibility standard | AX9: General quantitative availability and accessibility standard | AY9: General quantitative availability and accessibility standard | AZ9: General quantitative availability and accessibility standard | BA9: General quantitative availability and accessibility standard | BB9: General quantitative availability and accessibility standard | BC9: General quantitative availability and accessibility standard | BD9: General quantitative availability and accessibility standard | BE9: General quantitative availability and accessibility standard | BF9: General quantitative availability and accessibility standard | BG9: General quantitative availability and accessibility standard | BH9: General quantitative availability and accessibility standard | BI9: General quantitative availability and accessibility standard | BJ9: General quantitative availability and accessibility standard | BK9: General quantitative availability and accessibility standard | BL9: General quantitative availability and accessibility standard | BM9: General quantitative availability and accessibility standard | BN9: General quantitative availability and accessibility standard | BO9: General quantitative availability and accessibility standard | BP9: General quantitative availability and accessibility standard | BQ9: General quantitative availability and accessibility standard | BR9: General quantitative availability and accessibility standard | BS9: General quantitative availability and accessibility standard | BT9: General quantitative availability and accessibility standard | BU9: General quantitative availability and accessibility standard | BV9: General quantitative availability and accessibility standard | BW9: General quantitative availability and accessibility standard | BX9: General quantitative availability and accessibility standard | BY9: General quantitative availability and accessibility standard | BZ9: General quantitative availability and accessibility standard | CA9: General quantitative availability and accessibility standard | CB9: General quantitative availability and accessibility standard | CC9: General quantitative availability and accessibility standard | CD9: General quantitative availability and accessibility standard | CE9: General quantitative availability and accessibility standard | CF9: General quantitative availability and accessibility standard | CG9: General quantitative availability and accessibility standard | CH9: General quantitative availability and accessibility standard | CI9: General quantitative availability and accessibility standard | CJ9: General quantitative availability and accessibility standard | CK9: General quantitative availability and accessibility standard | CL9: General quantitative availability and accessibility standard | CM9: General quantitative availability and accessibility standard
A10: C2.V.2 | B10: Measure standard | C10: What is the standard for your program-level indicators? Add a description | D10: Two open PCP panels within 15 miles or 30 minutes | E10: Two open PCP panels within 40 miles or 40 minutes | F10: Two open PCP panels within 15 miles or 30 minutes | G10: Two open PCP panels within 40 miles or 40 minutes | H10: One adult PCP for every 750 adult Enrollees | I10: One pediatric PCP for every 750 pediatric Enrollees | J10: 20 miles or 40 minutes | K10: 20 miles or 40 minutes, or the closest acute inpatient hospital located outside these Service Areas | L10: 15 miles or 30 minutes | M10: 15 miles or 30 minutes | N10: 30 miles or 60 minutes | O10: Two providers within 15 miles or 30 minutes | P10: One OBGYN for every 500 Enrollees | Q10: 15 miles or 30 minutes | R10: 20 miles or 40 minutes | S10: 20 miles or 40 minutes | T10: 20 miles or 40 minutes | U10: 20 miles or 40 minutes | V10: 20 miles or 40 minutes | W10: 20 miles or 40 minutes | X10: 20 miles or 40 minutes | Y10: 20 miles or 40 minutes | Z10: 20 miles or 40 minutes | AA10: 20 miles or 40 minutes | AB10: 20 miles or 40 minutes | AC10: 20 miles or 40 minutes | AD10: 20 miles or 40 minutes | AE10: 20 miles or 40 minutes | AF10: 20 miles or 40 minutes | AG10: 20 miles or 40 minutes | AH10: 20 miles or 40 minutes | AI10: 20 miles or 40 minutes | AJ10: 20 miles or 40 minutes | AK10: 20 miles or 40 minutes | AL10: 20 miles or 40 minutes | AM10: 20 miles or 40 minutes | AN10: 40 miles or 40 minutes | AO10: 40 miles or 40 minutes | AP10: 40 miles or 40 minutes | AQ10: 40 miles or 40 minutes | AR10: 40 miles or 40 minutes | AS10: 40 miles or 40 minutes | AT10: 40 miles or 40 minutes | AU10: 40 miles or 40 minutes | AV10: 40 miles or 40 minutes | AW10: 40 miles or 40 minutes | AX10: 40 miles or 40 minutes | AY10: 40 miles or 40 minutes | AZ10: 40 miles or 40 minutes | BA10: 40 miles or 40 minutes | BB10: 40 miles or 40 minutes | BC10: 40 miles or 40 minutes | BD10: 40 miles or 40 minutes | BE10: 40 miles or 40 minutes | BF10: 40 miles or 40 minutes | BG10: 40 miles or 40 minutes | BH10: 40 miles or 40 minutes | BI10: 40 miles or 40 minutes | BJ10: Primary care: within 48 hours of the Enrollee’s request for Urgent Care | BK10: Primary care: within 10 calendar days of the Enrollee’s request for Symptomatic Care | BL10: Primary care: within 45 calendar days of the Enrollee’s request for Non-Symptomatic Care | BM10: Assure the provision of screenings in accordance with the schedule established by the EPSDT Periodicity Schedule | BN10: Two within 60 miles or 60 minutes | BO10: Two within 60 miles or 60 minutes | BP10: Two within 60 miles or 60 minutes | BQ10: Two closest providers to Service Area | BR10: Two within 30 miles or 30 minutes | BS10: Two within 30 miles or 30 minutes | BT10: Four closest providers to Service Area | BU10: Two within 30 miles or 30 minutes | BV10: Two within 30 miles or 30 minutes | BW10: Two within 30 miles or 30 minutes | BX10: Two within 30 miles or 30 minutes | BY10: Two within 30 miles or 30 minutes | BZ10: Two within 30 miles or 30 minutes | CA10: Two within 30 miles or 30 minutes | CB10: Two within 30 miles or 30 minutes | CC10: Two within 30 miles or 30 minutes | CD10: Two within 30 miles or 30 minutes | CE10: 30 miles or 30 minutes | CF10: Two within 30 miles or 30 minutes | CG10: Two within 30 miles or 30 minutes | CH10: Two within 30 miles or 30 minutes | CI10: One provider statewide | CJ10: One provider statewide | CK10: One provider statewide | CL10: One provider statewide | CM10: Two within 30 miles or 30 minutes
A11: C2.V.3 | B11: Standard type | C11: What is the standard type? Select one or add free text if you select "Other" | D11: Maximum time or distance | E11: Maximum time or distance | F11: Maximum time or distance | G11: Maximum time or distance | H11: Provider to enrollee ratios | I11: Provider to enrollee ratios | J11: Maximum time or distance | K11: Maximum time or distance | L11: Maximum time or distance | M11: Maximum time or distance | N11: Maximum time or distance | O11: Maximum time or distance | P11: Provider to enrollee ratios | Q11: Maximum time or distance | R11: Maximum time or distance | S11: Maximum time or distance | T11: Maximum time or distance | U11: Maximum time or distance | V11: Maximum time or distance | W11: Maximum time or distance | X11: Maximum time or distance | Y11: Maximum time or distance | Z11: Maximum time or distance | AA11: Maximum time or distance | AB11: Maximum time or distance | AC11: Maximum time or distance | AD11: Maximum time or distance | AE11: Maximum time or distance | AF11: Maximum time or distance | AG11: Maximum time or distance | AH11: Maximum time or distance | AI11: Maximum time or distance | AJ11: Maximum time or distance | AK11: Maximum time or distance | AL11: Maximum time or distance | AM11: Maximum time or distance | AN11: Maximum time or distance | AO11: Maximum time or distance | AP11: Maximum time or distance | AQ11: Maximum time or distance | AR11: Maximum time or distance | AS11: Maximum time or distance | AT11: Maximum time or distance | AU11: Maximum time or distance | AV11: Maximum time or distance | AW11: Maximum time or distance | AX11: Maximum time or distance | AY11: Maximum time or distance | AZ11: Maximum time or distance | BA11: Maximum time or distance | BB11: Maximum time or distance | BC11: Maximum time or distance | BD11: Maximum time or distance | BE11: Maximum time or distance | BF11: Maximum time or distance | BG11: Maximum time or distance | BH11: Maximum time or distance | BI11: Maximum time or distance | BJ11: Appointment wait time | BK11: Appointment wait time | BL11: Appointment wait time | BM11: Appointment wait time | BN11: Maximum time or distance | BO11: Maximum time or distance | BP11: Maximum time or distance | BQ11: Maximum time or distance | BR11: Maximum time or distance | BS11: Maximum time or distance | BT11: Maximum time or distance | BU11: Maximum time or distance | BV11: Maximum time or distance | BW11: Maximum time or distance | BX11: Maximum time or distance | BY11: Maximum time or distance | BZ11: Maximum time or distance | CA11: Maximum time or distance | CB11: Maximum time or distance | CC11: Maximum time or distance | CD11: Maximum time or distance | CE11: Maximum time or distance | CF11: Maximum time or distance | CG11: Maximum time or distance | CH11: Maximum time or distance | CI11: Miniumum # of network providers | CJ11: Miniumum # of network providers | CK11: Miniumum # of network providers | CL11: Miniumum # of network providers | CM11: Maximum time or distance
A12: C2.V.4 | B12: Provider type | C12: What is the provider type? Select one or add free text if you select "Other" | D12: Primary care | E12: Primary care | F12: Primary care | G12: Primary care | H12: Primary care | I12: Primary care | J12: Other: Acute Inpatient Hospital | K12: Other: Acute Inpatient Hospital | L12: Other: Urgent Care | M12: Other: Urgent Care or hospital emergency department | N12: Other: Rehabilitation Hospital | O12: Other: OBGYN | P12: Other: OBGYN | Q12: Other: Pharmacy | R12: Other: Anesthesiology | S12: Other: Audiology | T12: Other: Cardiology | U12: Other: Dermatology | V12: Other: Emergency Medicine | W12: Other: Endocrinology | X12: Other: Gastroenterology | Y12: Other: General Surgery | Z12: Other: Hematology | AA12: Other: Infectious Disease | AB12: Other: Medical Oncology | AC12: Other: Nephrology | AD12: Other: Neurology | AE12: Other: Ophthalmology | AF12: Other: Orthopedic Surgery | AG12: Other: Otolaryngology | AH12: Other: Physiatry | AI12: Other: Podiatry | AJ12: Other: Psychiatry | AK12: Other: Pulmonology | AL12: Other: Rheumatology | AM12: Other: Urology | AN12: Other: Anesthesiology | AO12: Other: Audiology | AP12: Other: Cardiology | AQ12: Other: Dermatology | AR12: Other: Emergency Medicine | AS12: Other: Endocrinology | AT12: Other: Gastroenterology | AU12: Other: General Surgery | AV12: Other: Hematology | AW12: Other: Infectious Disease | AX12: Other: Medical Oncology | AY12: Other: Nephrology | AZ12: Other: Neurology | BA12: Other: Ophthalmology | BB12: Other: Orthopedic Surgery | BC12: Other: Otolaryngology | BD12: Other: Physiatry | BE12: Other: Podiatry | BF12: Other: Psychiatry | BG12: Other: Pulmonology | BH12: Other: Rheumatology | BI12: Other: Urology | BJ12: Primary Care | BK12: Primary Care | BL12: Primary Care | BM12: Primary Care | BN12: Psychiatric Inpatient Adult | BO12: Psychiatric Inpatient Adolescent | BP12: Other: Managed inpatient level 4 | BQ12: Other: Managed inpatient level 4 | BR12: Other: Monitored inpatient level 3.7 | BS12: Other: Clinical Stabilization Services 3.5 | BT12: Other: Clinical Stabilization Services 3.5 | BU12: Other: Community-Based Acute Treatment - Intensive Community-Based Acute Treatment - Transitional Care Unit | BV12: Other: Partial Hospitalization Program | BW12: Other: Residential Rehabilitation Services Level 3.1 | BX12: Other: Intensive Care Coordination | BY12: Other: Applied Behavioral Analysis | BZ12: Other: In-Home Behavioral Services | CA12: Other: In-Home Therapy | CB12: Other: Therapeutic Mentoring | CC12: Other: Structured Outpatient Addictions Program | CD12: Other: Behavorial Health outpatient (including psychology and psychiatric advanced practice nurse) | CE12: Other: Community Support Program | CF12: Other: Recovery Support Navigator | CG12: Other: Recovery Coach | CH12: Other: Opioid Treatment Program | CI12: Other: Allergy | CJ12: Other: Oral surgery | CK12: Other: Plastic Surgery | CL12: Other: Vascular Surgery | CM12: Other: Community Crisis Stabilization (CCS)
A13: C2.V.5 | B13: Applicable region(s) | C13: What is the applicable region? Select one or add free text if you select "Other" | D13: Other (free text, specify)Statewide except for Oak Bluffs and Nantucket Services Areas | E13: Other (free text, specify) Oak Bluffs and Nantucket Service Areas | F13: Other (free text, specify) Statewide except for Oak Bluffs and Nantucket Service Areas | G13: Other (free text, specify) Oak Bluffs and Nantucket Service Areas | H13: Other (free text, specify) Statewide | I13: Other (free text, specify) Statewide | J13: Other: Statewide except for Oak Bluffs and Nantucket Service Areas | K13: Other: Oak Bluffs and Nantucket Service Areas | L13: Other: Statewide except for Nantucket Service Area | M13: Other: Nantucket Service Area | N13: Other: Statewide | O13: Other: Statewide | P13: Other: Statewide | Q13: Other: Statewide | R13: Other: Statewide except for Oak Bluffs and Nantucket Service Areas | S13: Other: Statewide except for Oak Bluffs and Nantucket Service Areas | T13: Other: Statewide except for Oak Bluffs and Nantucket Service Areas | U13: Other: Statewide except for Oak Bluffs and Nantucket Service Areas | V13: Other: Statewide except for Oak Bluffs and Nantucket Service Areas | W13: Other: Statewide except for Oak Bluffs and Nantucket Service Areas | X13: Other: Statewide except for Oak Bluffs and Nantucket Service Areas | Y13: Other: Statewide except for Oak Bluffs and Nantucket Service Areas | Z13: Other: Statewide except for Oak Bluffs and Nantucket Service Areas | AA13: Other: Statewide except for Oak Bluffs and Nantucket Service Areas | AB13: Other: Statewide except for Oak Bluffs and Nantucket Service Areas | AC13: Other: Statewide except for Oak Bluffs and Nantucket Service Areas | AD13: Other: Statewide except for Oak Bluffs and Nantucket Service Areas | AE13: Other: Statewide except for Oak Bluffs and Nantucket Service Areas | AF13: Other: Statewide except for Oak Bluffs and Nantucket Service Areas | AG13: Other: Statewide except for Oak Bluffs and Nantucket Service Areas | AH13: Other: Statewide except for Oak Bluffs and Nantucket Service Areas | AI13: Other: Statewide except for Oak Bluffs and Nantucket Service Areas | AJ13: Other: Statewide except for Oak Bluffs and Nantucket Service Areas | AK13: Other: Statewide except for Oak Bluffs and Nantucket Service Areas | AL13: Other: Statewide except for Oak Bluffs and Nantucket Service Areas | AM13: Other: Statewide except for Oak Bluffs and Nantucket Service Areas | AN13: Other: Oak Bluffs and Nantucket Service Areas | AO13: Other: Oak Bluffs and Nantucket Service Areas | AP13: Other: Oak Bluffs and Nantucket Service Areas | AQ13: Other: Oak Bluffs and Nantucket Service Areas | AR13: Other: Oak Bluffs and Nantucket Service Areas | AS13: Other: Oak Bluffs and Nantucket Service Areas | AT13: Other: Oak Bluffs and Nantucket Service Areas | AU13: Other: Oak Bluffs and Nantucket Service Areas | AV13: Other: Oak Bluffs and Nantucket Service Areas | AW13: Other: Oak Bluffs and Nantucket Service Areas | AX13: Other: Oak Bluffs and Nantucket Service Areas | AY13: Other: Oak Bluffs and Nantucket Service Areas | AZ13: Other: Oak Bluffs and Nantucket Service Areas | BA13: Other: Oak Bluffs and Nantucket Service Areas | BB13: Other: Oak Bluffs and Nantucket Service Areas | BC13: Other: Oak Bluffs and Nantucket Service Areas | BD13: Other: Oak Bluffs and Nantucket Service Areas | BE13: Other: Oak Bluffs and Nantucket Service Areas | BF13: Other: Oak Bluffs and Nantucket Service Areas | BG13: Other: Oak Bluffs and Nantucket Service Areas | BH13: Other: Oak Bluffs and Nantucket Service Areas | BI13: Other: Oak Bluffs and Nantucket Service Areas | BJ13: Other: Statewide | BK13: Other: Statewide | BL13: Other: Statewide | BM13: Other: Statewide | BN13: Other: Statewide | BO13: Other: Statewide | BP13: Other: Statewide except for Nantucket Service Area | BQ13: Other: Nantucket Service Area | BR13: Other: Statewide | BS13: Other: Statewide except for Nantucket Service Area | BT13: Other: Nantucket Service Area | BU13: Other: Statewide | BV13: Other: Statewide | BW13: Other: Statewide | BX13: Other: Statewide | BY13: Other: Statewide | BZ13: Other: Statewide | CA13: Other: Statewide | CB13: Other: Statewide | CC13: Other: Statewide | CD13: Other: Statewide | CE13: Other: Statewide | CF13: Other: Statewide | CG13: Other: Statewide | CH13: Other: Statewide | CI13: Other: Statewide | CJ13: Other: Statewide | CK13: Other: Statewide | CL13: Other: Statewide | CM13: Other: Statewide
A14: C2.V.6 | B14: Population | C14: What is the population? Select one or add free text if you select "Other" | D14: Adult | E14: Adult | F14: Pediatric | G14: Pediatric | H14: Adult | I14: Pediatric | J14: Adult and Pediatric | K14: Adult and Pediatric | L14: Adult and Pediatric | M14: Adult and Pediatric | N14: Adult and Pediatric | O14: female Enrollees age 10 and older | P14: female Enrollees age 10 and older | Q14: Adult and Pediatric | R14: Adult and Pediatric | S14: Adult and Pediatric | T14: Adult and Pediatric | U14: Adult and Pediatric | V14: Adult and Pediatric | W14: Adult and Pediatric | X14: Adult and Pediatric | Y14: Adult and Pediatric | Z14: Adult and Pediatric | AA14: Adult and Pediatric | AB14: Adult and Pediatric | AC14: Adult and Pediatric | AD14: Adult and Pediatric | AE14: Adult and Pediatric | AF14: Adult and Pediatric | AG14: Adult and Pediatric | AH14: Adult and Pediatric | AI14: Adult and Pediatric | AJ14: Adult and Pediatric | AK14: Adult and Pediatric | AL14: Adult and Pediatric | AM14: Adult and Pediatric | AN14: Adult and Pediatric | AO14: Adult and Pediatric | AP14: Adult and Pediatric | AQ14: Adult and Pediatric | AR14: Adult and Pediatric | AS14: Adult and Pediatric | AT14: Adult and Pediatric | AU14: Adult and Pediatric | AV14: Adult and Pediatric | AW14: Adult and Pediatric | AX14: Adult and Pediatric | AY14: Adult and Pediatric | AZ14: Adult and Pediatric | BA14: Adult and Pediatric | BB14: Adult and Pediatric | BC14: Adult and Pediatric | BD14: Adult and Pediatric | BE14: Adult and Pediatric | BF14: Adult and Pediatric | BG14: Adult and Pediatric | BH14: Adult and Pediatric | BI14: Adult and Pediatric | BJ14: Adult and Pediatric | BK14: Adult and Pediatric | BL14: Adult and Pediatric | BM14: Pediatric | BN14: Adult | BO14: Other: Adolescent | BP14: Other: Adult and Adolescent | BQ14: Other: Adult and Adolescent | BR14: Adult and Pediatric | BS14: Adult and Pediatric | BT14: Adult and Pediatric | BU14: Adult and Pediatric | BV14: Adult and Pediatric | BW14: Adult and Pediatric | BX14: Adult and Pediatric | BY14: Adult and Pediatric | BZ14: Adult and Pediatric | CA14: Adult and Pediatric | CB14: Adult and Pediatric | CC14: Adult and Pediatric | CD14: Adult and Pediatric | CE14: Adult and Pediatric | CF14: Adult and Pediatric | CG14: Adult and Pediatric | CH14: Adult and Pediatric | CI14: Adult and Pediatric | CJ14: Adult and Pediatric | CK14: Adult and Pediatric | CL14: Adult and Pediatric | CM14: Adult and Pediatric
A15: C2.V.7 | B15: Monitoring methods | C15: What are the monitoring methods? Select all that apply or add free text if you select "Other" | D15: Geomapping | E15: Geomapping | F15: Geomapping | G15: Geomapping | H15: Other (free text, specify): plan reported calculations | I15: Other (free text, specify): plan reported calculations | J15: Geomapping | K15: Geomapping | L15: Geomapping | M15: Geomapping | N15: Geomapping | O15: Geomapping | P15: Other (free text, specify): plan reported calculations | Q15: Geomapping | R15: Geomapping | S15: Geomapping | T15: Geomapping | U15: Geomapping | V15: Geomapping | W15: Geomapping | X15: Geomapping | Y15: Geomapping | Z15: Geomapping | AA15: Geomapping | AB15: Geomapping | AC15: Geomapping | AD15: Geomapping | AE15: Geomapping | AF15: Geomapping | AG15: Geomapping | AH15: Geomapping | AI15: Geomapping | AJ15: Geomapping | AK15: Geomapping | AL15: Geomapping | AM15: Geomapping | AN15: Geomapping | AO15: Geomapping | AP15: Geomapping | AQ15: Geomapping | AR15: Geomapping | AS15: Geomapping | AT15: Geomapping | AU15: Geomapping | AV15: Geomapping | AW15: Geomapping | AX15: Geomapping | AY15: Geomapping | AZ15: Geomapping | BA15: Geomapping | BB15: Geomapping | BC15: Geomapping | BD15: Geomapping | BE15: Geomapping | BF15: Geomapping | BG15: Geomapping | BH15: Geomapping | BI15: Geomapping | BJ15: Other (free text, specify): Through narrative from the plans on their monitoring of this requirement | BK15: Other (free text, specify): Through narrative from the plans on their monitoring of this requirement | BL15: Other (free text, specify): Through narrative from the plans on their monitoring of this requirement | BM15: Other (free text, specify): Through narrative from the plans on their monitoring of this requirement | BN15: Geomapping | BO15: Geomapping | BP15: Geomapping | BQ15: Geomapping | BR15: Geomapping | BS15: Geomapping | BT15: Geomapping | BU15: Geomapping | BV15: Geomapping | BW15: Geomapping | BX15: Geomapping | BY15: Geomapping | BZ15: Geomapping | CA15: Geomapping | CB15: Geomapping | CC15: Geomapping | CD15: Geomapping | CE15: Geomapping | CF15: Geomapping | CG15: Geomapping | CH15: Geomapping | CI15: Geomapping | CJ15: Geomapping | CK15: Geomapping | CL15: Geomapping | CM15: Geomapping
A16: C2.V.8 | B16: Frequency of oversight methods | C16: What is the frequency of oversight methods? Select one or add free text if you select "Other" | D16: Annually and Ad hoc | E16: Annually and Ad hoc | F16: Annually and Ad hoc | G16: Annually and Ad hoc | H16: Annually and Ad hoc | I16: Annually and Ad hoc | J16: Annually and Ad hoc | K16: Annually and Ad hoc | L16: Annually and Ad hoc | M16: Annually and Ad hoc | N16: Annually and Ad hoc | O16: Annually and Ad hoc | P16: Annually and Ad hoc | Q16: Annually and Ad hoc | R16: Annually and Ad hoc | S16: Annually and Ad hoc | T16: Annually and Ad hoc | U16: Annually and Ad hoc | V16: Annually and Ad hoc | W16: Annually and Ad hoc | X16: Annually and Ad hoc | Y16: Annually and Ad hoc | Z16: Annually and Ad hoc | AA16: Annually and Ad hoc | AB16: Annually and Ad hoc | AC16: Annually and Ad hoc | AD16: Annually and Ad hoc | AE16: Annually and Ad hoc | AF16: Annually and Ad hoc | AG16: Annually and Ad hoc | AH16: Annually and Ad hoc | AI16: Annually and Ad hoc | AJ16: Annually and Ad hoc | AK16: Annually and Ad hoc | AL16: Annually and Ad hoc | AM16: Annually and Ad hoc | AN16: Annually and Ad hoc | AO16: Annually and Ad hoc | AP16: Annually and Ad hoc | AQ16: Annually and Ad hoc | AR16: Annually and Ad hoc | AS16: Annually and Ad hoc | AT16: Annually and Ad hoc | AU16: Annually and Ad hoc | AV16: Annually and Ad hoc | AW16: Annually and Ad hoc | AX16: Annually and Ad hoc | AY16: Annually and Ad hoc | AZ16: Annually and Ad hoc | BA16: Annually and Ad hoc | BB16: Annually and Ad hoc | BC16: Annually and Ad hoc | BD16: Annually and Ad hoc | BE16: Annually and Ad hoc | BF16: Annually and Ad hoc | BG16: Annually and Ad hoc | BH16: Annually and Ad hoc | BI16: Annually and Ad hoc | BJ16: Annually | BK16: Annually | BL16: Annually | BM16: Annually | BN16: Annually and Ad hoc | BO16: Annually and Ad hoc | BP16: Annually and Ad hoc | BQ16: Annually and Ad hoc | BR16: Annually and Ad hoc | BS16: Annually and Ad hoc | BT16: Annually and Ad hoc | BU16: Annually and Ad hoc | BV16: Annually and Ad hoc | BW16: Annually and Ad hoc | BX16: Annually and Ad hoc | BY16: Annually and Ad hoc | BZ16: Annually and Ad hoc | CA16: Annually and Ad hoc | CB16: Annually and Ad hoc | CC16: Annually and Ad hoc | CD16: Annually and Ad hoc | CE16: Annually and Ad hoc | CF16: Annually and Ad hoc | CG16: Annually and Ad hoc | CH16: Annually and Ad hoc | CI16: Annually and Ad hoc | CJ16: Annually and Ad hoc | CK16: Annually and Ad hoc | CL16: Annually and Ad hoc | CM16: Annually and Ad hoc
D17: #1 in portal | E17: #2 in portal | F17: #1 in portal | G17: #2 in portal | H17: #3 in portal | I17: #4 in portal | J17: #5 in portal | K17: #6 in portal | L17: #7 in portal | M17: #22 in portal | N17: #8 in portal | O17: #9 in portal | P17: #10 in portal | Q17: #11 in portal | R17: #12 in portal | S17: #12 in portal | T17: #12 in portal | U17: #12 in portal | V17: #12 in portal | W17: #12 in portal | X17: #12 in portal | Y17: #12 in portal | Z17: #12 in portal | AA17: #12 in portal | AB17: #12 in portal | AC17: #12 in portal | AD17: #12 in portal | AE17: #12 in portal | AF17: #12 in portal | AG17: #12 in portal | AH17: #12 in portal | AI17: #12 in portal | AJ17: #12 in portal | AK17: #12 in portal | AL17: #12 in portal | AM17: #12 in portal | AN17: #13 in portal | AO17: #13 in portal | AP17: #13 in portal | AQ17: #13 in portal | AR17: #13 in portal | AS17: #13 in portal | AT17: #13 in portal | AU17: #13 in portal | AV17: #13 in portal | AW17: #13 in portal | AX17: #13 in portal | AY17: #13 in portal | AZ17: #13 in portal | BA17: #13 in portal | BB17: #13 in portal | BC17: #13 in portal | BD17: #13 in portal | BE17: #13 in portal | BF17: #13 in portal | BG17: #13 in portal | BH17: #13 in portal | BI17: #13 in portal | BJ17: #14 in portal | BK17: #15 in portal | BL17: #16 in portal | BM17: #17 in portal | BN17: #18 in portal | BO17: #18 in portal | BP17: #19 in portal | BQ17: #23 in portal | BR17: #20 in portal | BS17: #20 in portal | BT17: #24 in portal | BU17: #20 in portal | BV17: #20 in portal | BW17: #20 in portal | BX17: #20 in portal | BY17: #20 in portal | BZ17: #20 in portal | CA17: #20 in portal | CB17: #20 in portal | CC17: #20 in portal | CD17: #20 in portal | CE17: #20 in portal | CF17: #20 in portal | CG17: #20 in portal | CH17: #20 in portal | CI17: #21 in portal | CJ17: #21 in portal | CK17: #21 in portal | CL17: #21 in portal | CM17: #20 in portal

Sheet D1_Plan_Set
A1: [D1] Plan-Level, Set Indicators
A2: # | B2: Indicator | C2: Instruction | D2: =IF(A_Program_Info!$D12="","[Plan 1]",A_Program_Info!$D12) -> Be Healthy Partnership Plan | E2: =IF(A_Program_Info!$D13="","[Plan 2]",A_Program_Info!$D13) -> Berkshire Fallon Health Collaborative | F2: =IF(A_Program_Info!$D14="","[Plan3]",A_Program_Info!$D14) -> Fallon 365 Care | G2: =IF(A_Program_Info!$D15="","[Plan 4]",A_Program_Info!$D15) -> Fallon Health-Atrius Health Care Collaborative | H2: =IF(A_Program_Info!$D16="","[Plan 5]",A_Program_Info!$D16) -> Mass General Brigham Health Plan with Mass General Brigham ACO | I2: =IF(A_Program_Info!$D17="","[Plan 6]",A_Program_Info!$D17) -> Tufts Health Together with Cambridge Health Alliance (CHA) | J2: =IF(A_Program_Info!$D18="","[Plan 7]",A_Program_Info!$D18) -> Tufts Health Together with UMass Memorial Health | K2: =IF(A_Program_Info!$D19="","[Plan 8]",A_Program_Info!$D19) -> East Boston Neighborhood Health WellSense Alliance | L2: =IF(A_Program_Info!$D20="","[Plan 9]",A_Program_Info!$D20) -> WellSense Beth Israel Lahey Health (BILH) Performance Network ACO | M2: =IF(A_Program_Info!$D21="","[Plan 10]",A_Program_Info!$D21) -> WellSense Boston Children's ACO | N2: =IF(A_Program_Info!$D22="","[Plan 11]",A_Program_Info!$D22) -> WellSense Care Alliance | O2: =IF(A_Program_Info!$D23="","[Plan 12]",A_Program_Info!$D23) -> WellSense Community Alliance | P2: =IF(A_Program_Info!$D24="","[Plan 13]",A_Program_Info!$D24) -> WellSense Mercy Alliance | Q2: =IF(A_Program_Info!$D25="","[Plan 14]",A_Program_Info!$D25) -> WellSense Signature Alliance | R2: =IF(A_Program_Info!$D26="","[Plan 15]",A_Program_Info!$D26) -> WellSense Southcoast Alliance | S2: =IF(A_Program_Info!$D27="","[Plan 16]",A_Program_Info!$D27) -> [Plan 16] | T2: =IF(A_Program_Info!$D28="","[Plan 17]",A_Program_Info!$D28) -> [Plan 17] | U2: =IF(A_Program_Info!$D29="","[Plan 18]",A_Program_Info!$D29) -> [Plan 18] | V2: =IF(A_Program_Info!$D30="","[Plan 19]",A_Program_Info!$D30) -> [Plan 19] | W2: =IF(A_Program_Info!$D31="","[Plan 20]",A_Program_Info!$D31) -> [Plan 20] | X2: =IF(A_Program_Info!$D32="","[Plan 21]",A_Program_Info!$D32) -> [Plan 21] | Y2: =IF(A_Program_Info!$D33="","[Plan 22]",A_Program_Info!$D33) -> [Plan 22] | Z2: =IF(A_Program_Info!$D34="","[Plan 23]",A_Program_Info!$D34) -> [Plan 23]
A3: I. Program Characteristics and Enrollment
A4: D1.I.1 | B4: Plan enrollment | C4: Enter the average number of individuals enrolled in the plan per month during the reporting year (i.e., average member months). | D4: 48297 | E4: 17973 | F4: 36266 | G4: 40051 | H4: 146705 | I4: 36298 | J4: 46558 | K4: 29670 | L4: 66524 | M4: 130972 | N4: 56089 | O4: 138347 | P4: 29570 | Q4: 24471 | R4: 18249
A5: D1.I.2 | B5: Plan share of Medicaid | C5: Automatically calculated. Sum of plan enrollment (within the specific program) as a percentage of the state's total Medicaid enrollment. • Numerator: Plan enrollment (D1.I.1) • Denominator: Statewide Medicaid enrollment (B.I.1) | D5: =IF(ISBLANK(D$4),"Enter a value above", D1_Plan_Set!D$4/B_State!$D$4) -> 0.023169218 | E5: =IF(ISBLANK(E$4),"Enter a value above", D1_Plan_Set!E$4/B_State!$D$4) -> 0.0086220751 | F5: =IF(ISBLANK(F$4),"Enter a value above", D1_Plan_Set!F$4/B_State!$D$4) -> 0.017397662 | G5: =IF(ISBLANK(G$4),"Enter a value above", D1_Plan_Set!G$4/B_State!$D$4) -> 0.019213416 | H5: =IF(ISBLANK(H$4),"Enter a value above", D1_Plan_Set!H$4/B_State!$D$4) -> 0.070377874 | I5: =IF(ISBLANK(I$4),"Enter a value above", D1_Plan_Set!I$4/B_State!$D$4) -> 0.017413013 | J5: =IF(ISBLANK(J$4),"Enter a value above", D1_Plan_Set!J$4/B_State!$D$4) -> 0.022334979 | K5: =IF(ISBLANK(K$4),"Enter a value above", D1_Plan_Set!K$4/B_State!$D$4) -> 0.014233404 | ... Z5: =IF(ISBLANK(Z$4),"Enter a value above", D1_Plan_Set!Z$4/B_State!$D$4) -> Enter a value above
A6: D1.I.3 | B6: Plan share of any Medicaid managed care | C6: Automatically calculated. Sum of plan enrollment (regardless of program) as a percentage of total Medicaid enrollment in any type of managed care. • Numerator: Plan enrollment (D1.I.1) • Denominator: Statewide Medicaid managed care enrollment (B.I.2) | D6: =IF(ISBLANK(D$4),"Enter a value above", D1_Plan_Set!D$4/B_State!$D$5) -> 0.033509913 | E6: =IF(ISBLANK(E$4),"Enter a value above", D1_Plan_Set!E$4/B_State!$D$5) -> 0.012470209 | F6: =IF(ISBLANK(F$4),"Enter a value above", D1_Plan_Set!F$4/B_State!$D$5) -> 0.025162443 | G6: =IF(ISBLANK(G$4),"Enter a value above", D1_Plan_Set!G$4/B_State!$D$5) -> 0.02778859 | H6: =IF(ISBLANK(H$4),"Enter a value above", D1_Plan_Set!H$4/B_State!$D$5) -> 0.10178835 | I6: =IF(ISBLANK(I$4),"Enter a value above", D1_Plan_Set!I$4/B_State!$D$5) -> 0.025184646 | J6: =IF(ISBLANK(J$4),"Enter a value above", D1_Plan_Set!J$4/B_State!$D$5) -> 0.032303343 | K6: =IF(ISBLANK(K$4),"Enter a value above", D1_Plan_Set!K$4/B_State!$D$5) -> 0.02058594 | ... Z6: =IF(ISBLANK(Z$4),"Enter a value above", D1_Plan_Set!Z$4/B_State!$D$5) -> Enter a value above
A7: II. Financial Performance
A8: D1.II.1a | B8: Medical Loss Ratio (MLR) | C8: What is the MLR percentage? Per 42 CFR 438.66(e)(2)(i), the Managed Care Program Annual Report must provide information on the Financial performance of each MCO, PIHP, and PAHP, including MLR experience. If MLR data are not available for this reporting period due to data lags, enter the MLR calculated for the most recently available reporting period and indicate the reporting period in item D1.II.3 below. See Glossary in Excel Workbook for the regulatory definition of MLR. Write MLR as a percentage: for example, write 92% rather than 0.92. | D8: 0.926 | E8: 0.999 | F8: 0.91 | G8: 0.906 | H8: 0.929 | I8: 0.928 | J8: 0.936 | K8: 0.917 | L8: 0.924 | M8: 0.935 | N8: 0.925 | O8: 0.925 | P8: 0.924 | Q8: 0.921 | R8: 0.96
A9: D1.II.1b | B9: Level of aggregation | C9: What is the aggregation level that best describes the MLR being reported in the previous indicator? Select one. As permitted under 42 CFR 438.8(i), states are allowed to aggregate data for reporting purposes across programs and populations. | D9: Program-specific statewide | E9: Program-specific statewide | F9: Program-specific statewide | G9: Program-specific statewide | H9: Program-specific statewide | I9: Program-specific statewide | J9: Program-specific statewide | K9: Program-specific statewide | L9: Program-specific statewide | M9: Program-specific statewide | N9: Program-specific statewide | O9: Program-specific statewide | P9: Program-specific statewide | Q9: Program-specific statewide | R9: Program-specific statewide
A10: D1.II.2 | B10: Population specific MLR description | C10: Does the state require plans to submit separate MLR calculations for specific populations served within this program, for example, MLTSS or Group VIII expansion enrollees? If so, describe the populations here. Enter "N/A" if not applicable. See glossary for the regulatory definition of MLR. | D10: N/A | E10: N/A | F10: N/A | G10: N/A | H10: N/A | I10: N/A | J10: N/A | K10: N/A | L10: N/A | M10: N/A | N10: N/A | O10: N/A | P10: N/A | Q10: N/A | R10: N/A
A11: D1.II.3 | B11: MLR reporting period discrepancies | C11: If the data reported in item D1.II.1a covers a different time period than the MCPAR report, enter the start and end date for that data. | D11: 04/01/2023 to 12/31/2023 | E11: 04/01/2023 to 12/31/2023 | F11: 04/01/2023 to 12/31/2023 | G11: 04/01/2023 to 12/31/2023 | H11: 04/01/2023 to 12/31/2023 | I11: 04/01/2023 to 12/31/2023 | J11: 04/01/2023 to 12/31/2023 | K11: 04/01/2023 to 12/31/2023 | L11: 04/01/2023 to 12/31/2023 | M11: 04/01/2023 to 12/31/2023 | N11: 04/01/2023 to 12/31/2023 | O11: 04/01/2023 to 12/31/2023 | P11: 04/01/2023 to 12/31/2023 | Q11: 04/01/2023 to 12/31/2023 | R11: 04/01/2023 to 12/31/2023
A12: III. Encounter Data
A13: D1.III.1 | B13: Definition of timely encounter data submissions | C13: Describe the state's standard for timely encounter data submissions used in this program. If reporting frequencies and standards differ by type of encounter within this program, please explain. | D13: In accordance with Section 2.15.B.6 of the Contract, all Health Plans are expected to submit encounters by end of month, for remit dates thru end of previous month. This includes corrections based on automated submission feedback. | E13: In accordance with Section 2.15.B.6 of the Contract, all Health Plans are expected to submit encounters by end of month, for remit dates thru end of previous month. This includes corrections based on automated submission feedback. | F13: In accordance with Section 2.15.B.6 of the Contract, all Health Plans are expected to submit encounters by end of month, for remit dates thru end of previous month. This includes corrections based on automated submission feedback. | G13: In accordance with Section 2.15.B.6 of the Contract, all Health Plans are expected to submit encounters by end of month, for remit dates thru end of previous month. This includes corrections based on automated submission feedback. | H13: In accordance with Section 2.15.B.6 of the Contract, all Health Plans are expected to submit encounters by end of month, for remit dates thru end of previous month. This includes corrections based on automated submission feedback. | I13: In accordance with Section 2.15.B.6 of the Contract, all Health Plans are expected to submit encounters by end of month, for remit dates thru end of previous month. This includes corrections based on automated submission feedback. | J13: In accordance with Section 2.15.B.6 of the Contract, all Health Plans are expected to submit encounters by end of month, for remit dates thru end of previous month. This includes corrections based on automated submission feedback. | K13: In accordance with Section 2.15.B.6 of the Contract, all Health Plans are expected to submit encounters by end of month, for remit dates thru end of previous month. This includes corrections based on automated submission feedback. | L13: In accordance with Section 2.15.B.6 of the Contract, all Health Plans are expected to submit encounters by end of month, for remit dates thru end of previous month. This includes corrections based on automated submission feedback. | M13: In accordance with Section 2.15.B.6 of the Contract, all Health Plans are expected to submit encounters by end of month, for remit dates thru end of previous month. This includes corrections based on automated submission feedback. | N13: In accordance with Section 2.15.B.6 of the Contract, all Health Plans are expected to submit encounters by end of month, for remit dates thru end of previous month. This includes corrections based on automated submission feedback. | O13: In accordance with Section 2.15.B.6 of the Contract, all Health Plans are expected to submit encounters by end of month, for remit dates thru end of previous month. This includes corrections based on automated submission feedback. | P13: In accordance with Section 2.15.B.6 of the Contract, all Health Plans are expected to submit encounters by end of month, for remit dates thru end of previous month. This includes corrections based on automated submission feedback. | Q13: In accordance with Section 2.15.B.6 of the Contract, all Health Plans are expected to submit encounters by end of month, for remit dates thru end of previous month. This includes corrections based on automated submission feedback. | R13: In accordance with Section 2.15.B.6 of the Contract, all Health Plans are expected to submit encounters by end of month, for remit dates thru end of previous month. This includes corrections based on automated submission feedback.
A14: D1.III.2 | B14: Share of encounter data submissions that met state’s timely submission requirements | C14: What percent of the plan’s encounter data file submissions (submitted during the reporting year) met state requirements for timely submission? If the state has not yet received any encounter data file submissions for the entire contract year when it submits this report, the state should enter here the percentage of encounter data submissions that were compliant out of the file submissions it has received from the managed care plan for the reporting year. | D14: 1 | E14: 1 | F14: 1 | G14: 1 | H14: 1 | I14: 1 | J14: 1 | K14: 1 | L14: 1 | M14: 1 | N14: 1 | O14: 1 | P14: 1 | Q14: 1 | R14: 1
A15: D1.III.3 | B15: Share of encounter data submissions that were HIPAA compliant | C15: What percent of the plan’s encounter data submissions (submitted during the reporting year) met state requirements for HIPAA compliance? If the state has not yet received encounter data submissions for the entire contract period when it submits this report, enter here percentage of encounter data submissions that were compliant out of the proportion received from the managed care plan for the reporting year. | D15: 1 | E15: 1 | F15: 1 | G15: 1 | H15: 1 | I15: 1 | J15: 1 | K15: 1 | L15: 1 | M15: 1 | N15: 1 | O15: 1 | P15: 1 | Q15: 1 | R15: 1
A16: IV. Appeals, State Fair Hearings and Grievances
A17: Subtopic: Appeals. Special Instructions: For MCOs that exclusively serve dually eligible members as applicable integrated plans (defined at 42 CFR 422.561), the MCO should not report Medicare-related appeals in the counts. Medicare-related appeals are those where Medicare is the primary payer.
A18: D1.IV.1 | B18: Appeals resolved (at the plan level) | C18: Enter the total number of appeals resolved during the reporting year. An appeal is "resolved" at the plan level when the plan has issued a decision, regardless of whether the decision was wholly or partially favorable or adverse to the beneficiary, and regardless of whether the beneficiary (or the beneficiary's representative) chooses to file a request for a State Fair Hearing or External Medical Review. | D18: 179 | E18: 163 | F18: 205 | G18: 316 | H18: 683 | I18: 70 | J18: 241 | K18: 35 | L18: 446 | M18: 223 | N18: 215 | O18: 375 | P18: 61 | Q18: 48 | R18: 109
A19: Beginning June 2025, Indicators D.1.IV.1a-c must be completed. Submission of this data before June 2025 is optional; if you choose not to respond prior to June 2025, enter "N/A."
A20: D1.IV.1a | B20: Appeals denied | C20: Enter the total number of appeals resolved during the reporting period (D1.IV.1) that were denied (adverse) to the enrollee. If you choose not to respond prior to June 2025, enter "N/A." | D20: 72 | E20: 61 | F20: 71 | G20: 98 | H20: 371 | I20: 34 | J20: 123 | K20: 10 | L20: 219 | M20: 69 | N20: 107 | O20: 167 | P20: 26 | Q20: 18 | R20: 48
A21: D1.IV.1b | B21: Appeals resolved in partial favor of enrollee | C21: Enter the total number of appeals (D1.IV.1) resolved during the reporting period in partial favor of the enrollee. If you choose not to respond prior to June 2025, enter "N/A." | D21: 2 | E21: 0 | F21: 0 | G21: 2 | H21: 1 | I21: 0 | J21: 0 | K21: 1 | L21: 4 | M21: 1 | N21: 0 | O21: 0 | P21: 0 | Q21: 1 | R21: 2
A22: D1.IV.1c | B22: Appeals resolved in favor of enrollee | C22: Enter the total number of appeals (D1.IV.1) resolved during the reporting period in favor of the enrollee. If you choose not to respond prior to June 2025, enter "N/A." | D22: 105 | E22: 102 | F22: 134 | G22: 216 | H22: 311 | I22: 36 | J22: 118 | K22: 24 | L22: 223 | M22: 153 | N22: 108 | O22: 208 | P22: 35 | Q22: 29 | R22: 59
A23: D1.IV.2 | B23: Active appeals | C23: Enter the total number of appeals still pending or in process (not yet resolved) as of the end of the reporting year. | D23: 1 | E23: 8 | F23: 11 | G23: 18 | H23: 0 | I23: 5 | J23: 35 | K23: 1 | L23: 59 | M23: 25 | N23: 25 | O23: 45 | P23: 12 | Q23: 5 | R23: 11
A24: D1.IV.3 | B24: Appeals filed on behalf of LTSS users | C24: Enter the total number of appeals filed during the reporting year by or on behalf of LTSS users. If not applicable, write "N/A." An LTSS user is an enrollee who received at least one LTSS service at any point during the reporting year (regardless of whether the enrollee was actively receiving LTSS at the time that the appeal was filed). | D24: N/A | E24: N/A | F24: N/A | G24: N/A | H24: N/A | I24: N/A | J24: N/A | K24: N/A | L24: N/A | M24: 0 | N24: N/A | O24: N/A | P24: N/A | Q24: N/A | R24: N/A
A25: D1.IV.4 | B25: Number of critical incidents filed during the reporting period by (or on behalf of) an LTSS user who previously filed an appeal | C25: For managed care plans that cover LTSS, enter the number of critical incidents filed within the reporting year by (or on behalf of) LTSS users who previously filed appeals in the reporting year. If the managed care plan does not cover LTSS, enter “N/A”. Also, if the state already submitted this data for the reporting year via the CMS readiness review appeal and grievance report (because the managed care program or plan were new or serving new populations during the reporting year), and the readiness review tool was submitted for at least 6 months of the reporting year, enter “N/A”. The appeal and critical incident do not have to have been "related" to the same issue - they only need to have been filed by (or on behalf of) the same enrollee. Neither the critical incident nor the appeal need to have been filed in relation to delivery of LTSS — they may have been filed for any reason, related to any service received (or desired) by an LTSS user. To calculate this number, states or managed care plans should first identify the LTSS users for whom critical incidents were filed during the reporting year, then determine whether those enrollees had filed an appeal during the reporting year, and whether the filing of the appeal preceded the filing of the critical incident. | D25: N/A | E25: N/A | F25: N/A | G25: N/A | H25: 0 | I25: N/A | J25: N/A | K25: N/A | L25: N/A | M25: 0 | N25: 0 | O25: N/A | P25: N/A | Q25: N/A | R25: N/A
A26: D1.IV.5a | B26: Standard appeals for which timely resolution was provided | C26: Enter the total number of standard appeals for which timely resolution was provided by plan within the reporting year. See 42 CFR §438.408(b)(2) for requirements related to timely resolution of standard appeals. | D26: 120 | E26: 123 | F26: 131 | G26: 222 | H26: 567 | I26: 26 | J26: 98 | K26: 13 | L26: 316 | M26: 120 | N26: 150 | O26: 261 | P26: 43 | Q26: 30 | R26: 73
A27: D1.IV.5b | B27: Expedited appeals for which timely resolution was provided | C27: Enter the total number of expedited appeals for which timely resolution was provided by plan within the reporting year. See 42 CFR §438.408(b)(3) for requirements related to timely resolution of standard appeals. | D27: 59 | E27: 40 | F27: 74 | G27: 92 | H27: 93 | I27: 23 | J27: 137 | K27: 22 | L27: 128 | M27: 103 | N27: 64 | O27: 114 | P27: 18 | Q27: 18 | R27: 36
A28: Number of appeals due to the following reasons resolved during the reporting period: (The seven reasons for an appeal are mutually exclusive. Each appeal has one reason, and questions D1.IV.6a-g should sum to D1.IV.1)
A29: D1.IV.6a | B29: Resolved appeals related to denial of authorization or limited authorization of a service | C29: Enter the total number of appeals resolved by the plan during the reporting year that were related to the plan's denial of authorization for a service not yet rendered or limited authorization of a service. Appeals related to denial of payment for a service already rendered should be counted in indicator D1.IV.6c). | D29: 156 | E29: 143 | F29: 194 | G29: 273 | H29: 665 | I29: 52 | J29: 206 | K29: 33 | L29: 430 | M29: 214 | N29: 204 | O29: 369 | P29: 60 | Q29: 45 | R29: 107
A30: D1.IV.6b | B30: Resolved appeals related to reduction, suspension, or termination of a previously authorized service | C30: Enter the total number of appeals resolved by the plan during the reporting year that were related to the plan's reduction, suspension, or termination of a previously authorized service. | D30: 7 | E30: 0 | F30: 0 | G30: 0 | H30: 0 | I30: 0 | J30: 0 | K30: 1 | L30: 2 | M30: 0 | N30: 4 | O30: 1 | P30: 0 | Q30: 2 | R30: 0
A31: D1.IV.6c | B31: Resolved appeals related to payment denial | C31: Enter the total number of appeals resolved by the plan during the reporting year that were related to the plan's denial, in whole or in part, of payment for a service that was already rendered. | D31: 16 | E31: 13 | F31: 11 | G31: 43 | H31: 14 | I31: 9 | J31: 5 | K31: 0 | L31: 0 | M31: 0 | N31: 0 | O31: 0 | P31: 0 | Q31: 0 | R31: 0
A32: D1.IV.6d | B32: Resolved appeals related to service timeliness | C32: Enter the total number of appeals resolved by the plan during the reporting year that were related to the plan's failure to provide services in a timely manner (as defined by the state). | D32: 0 | E32: 0 | F32: 0 | G32: 0 | H32: 0 | I32: 0 | J32: 0 | K32: 0 | L32: 0 | M32: 0 | N32: 0 | O32: 0 | P32: 0 | Q32: 0 | R32: 0
A33: D1.IV.6e | B33: Resolved appeals related to lack of timely plan response to an appeal or grievance | C33: Enter the total number of appeals resolved by the plan during the reporting year that were related to the plan's failure to act within the timeframes provided at 42 CFR §438.408(b)(1) and (2) regarding the standard resolution of grievances and appeals. | D33: 0 | E33: 0 | F33: 0 | G33: 0 | H33: 0 | I33: 2 | J33: 9 | K33: 0 | L33: 0 | M33: 0 | N33: 0 | O33: 0 | P33: 0 | Q33: 0 | R33: 0
A34: D1.IV.6f | B34: Resolved appeals related to plan denial of an enrollee's right to request out-of-network care | C34: Enter the total number of appeals resolved by the plan during the reporting year that were related to the plan's denial of an enrollee's request to exercise their right, under 42 CFR §438.52(b)(2)(ii), to obtain services outside the network (only applicable to residents of rural areas with only one MCO). | D34: 0 | E34: 7 | F34: 0 | G34: 0 | H34: 4 | I34: 3 | J34: 19 | K34: 0 | L34: 6 | M34: 2 | N34: 3 | O34: 3 | P34: 0 | Q34: 1 | R34: 0
A35: D1.IV.6g | B35: Resolved appeals related to denial of an enrollee's request to dispute financial liability | C35: Enter the total number of appeals resolved by the plan during the reporting year that were related to the plan's denial of an enrollee's request to dispute a financial liability. | D35: 0 | E35: 0 | F35: 0 | G35: 0 | H35: 0 | I35: 4 | J35: 2 | K35: 1 | L35: 8 | M35: 7 | N35: 4 | O35: 2 | P35: 1 | Q35: 0 | R35: 2
A36: Number of appeals resolved during the reporting period related to the following services: (A single appeal may be related to multiple service types and may therefore be counted in multiple categories below.) | D36: =SUM(D29:D35) -> 179 | E36: =SUM(E29:E35) -> 163 | F36: =SUM(F29:F35) -> 205 | G36: =SUM(G29:G35) -> 316 | H36: =SUM(H29:H35) -> 683 | I36: =SUM(I29:I35) -> 70 | J36: =SUM(J29:J35) -> 241 | K36: =SUM(K29:K35) -> 35 | ... R36: =SUM(R29:R35) -> 109
A37: D1.IV.7a | B37: Resolved appeals related to general inpatient services | C37: Enter the total number of appeals resolved by the plan during the reporting year that were related to general inpatient care, including diagnostic and laboratory services. Do not include appeals related to inpatient behavioral health services – those should be included in indicator D1.IV.7c. If the managed care plan does not cover general inpatient services, enter "N/A". | D37: 4 | E37: 6 | F37: 1 | G37: 8 | H37: 4 | I37: 3 | J37: 5 | K37: 0 | L37: 2 | M37: 0 | N37: 1 | O37: 1 | P37: 0 | Q37: 0 | R37: 0
A38: D1.IV.7b | B38: Resolved appeals related to general outpatient services | C38: Enter the total number of appeals resolved by the plan during the reporting year that were related to general outpatient care, including diagnostic and laboratory services. Please do not include appeals related to outpatient behavioral health services – those should be included in indicator D1.IV.7d. If the managed care plan does not cover general outpatient services, enter "N/A". | D38: 63 | E38: 75 | F38: 89 | G38: 135 | H38: 69 | I38: 1 | J38: 18 | K38: 0 | L38: 3 | M38: 0 | N38: 2 | O38: 1 | P38: 1 | Q38: 0 | R38: 0
A39: D1.IV.7c | B39: Resolved appeals related to inpatient behavioral health services | C39: Enter the total number of appeals resolved by the plan during the reporting year that were related to inpatient mental health and/or substance use services. If the managed care plan does not cover inpatient behavioral health services, enter "N/A". | D39: 0 | E39: 0 | F39: 0 | G39: 0 | H39: 6 | I39: 3 | J39: 8 | K39: 0 | L39: 1 | M39: 0 | N39: 0 | O39: 1 | P39: 0 | Q39: 0 | R39: 0
A40: D1.IV.7d | B40: Resolved appeals related to outpatient behavioral health services | C40: Enter the total number of appeals resolved by the plan during the reporting year that were related to outpatient mental health and/or substance use services. If the managed care plan does not cover outpatient behavioral health services, enter "N/A". | D40: 5 | E40: 0 | F40: 6 | G40: 2 | H40: 21 | I40: 2 | J40: 4 | K40: 0 | L40: 1 | M40: 1 | N40: 0 | O40: 1 | P40: 0 | Q40: 2 | R40: 1
A41: D1.IV.7e | B41: Resolved appeals related to covered outpatient prescription drugs | C41: Enter the total number of appeals resolved by the plan during the reporting year that were related to outpatient prescription drugs covered by the managed care plan. If the managed care plan does not cover outpatient prescription drugs, enter "N/A". | D41: 89 | E41: 78 | F41: 106 | G41: 162 | H41: 673 | I41: 37 | J41: 128 | K41: 26 | L41: 377 | M41: 179 | N41: 169 | O41: 316 | P41: 48 | Q41: 36 | R41: 84
A42: D1.IV.7f | B42: Resolved appeals related to skilled nursing facility (SNF) services | C42: Enter the total number of appeals resolved by the plan during the reporting year that were related to SNF services. If the managed care plan does not cover skilled nursing services, enter "N/A". | D42: 6 | E42: 3 | F42: 1 | G42: 7 | H42: 1 | I42: 1 | J42: 5 | K42: 0 | L42: 0 | M42: 0 | N42: 2 | O42: 1 | P42: 0 | Q42: 1 | R42: 1
A43: D1.IV.7g | B43: Resolved appeals related to long-term services and supports (LTSS) | C43: Enter the total number of appeals resolved by the plan during the reporting year that were related to institutional LTSS or LTSS provided through home and community-based (HCBS) services, including personal care and self-directed services. If the managed care plan does not cover LTSS services, enter "N/A". | D43: NA | E43: N/A | F43: N/A | G43: N/A | H43: N/A | I43: N/A | J43: N/A | K43: N/A | L43: N/A | M43: N/A | N43: N/A | O43: N/A | P43: N/A | Q43: N/A | R43: N/A
A44: D1.IV.7h | B44: Resolved appeals related to dental services | C44: Enter the total number of appeals resolved by the plan during the reporting year that were related to dental services. If the managed care plan does not cover dental services, enter "N/A". | D44: N/A | E44: N/A | F44: N/A | G44: N/A | H44: N/A | I44: N/A | J44: N/A | K44: N/A | L44: N/A | M44: N/A | N44: N/A | O44: N/A | P44: N/A | Q44: N/A | R44: N/A
A45: D1.IV.7i | B45: Resolved appeals related to non-emergency medical transportation (NEMT) | C45: Enter the total number of appeals resolved by the plan during the reporting year that were related to NEMT. If the managed care plan does not cover NEMT, enter "N/A". | D45: 0 | E45: 1 | F45: 0 | G45: 0 | H45: 0 | I45: 0 | J45: 0 | K45: 0 | L45: 0 | M45: 0 | N45: 0 | O45: 0 | P45: 0 | Q45: 0 | R45: 0
A46: D1.IV.7j | B46: Resolved appeals related to other service types | C46: Enter the total number of appeals resolved by the plan during the reporting year that were related to services that do not fit into one of the categories listed above. If the managed care plan does not cover services other than those in items D1.IV.7a-i paid primarily by Medicaid, enter "N/A". | D46: 17 | E46: 0 | F46: 2 | G46: 6 | H46: 27 | I46: 33 | J46: 73 | K46: 9 | L46: 62 | M46: 43 | N46: 41 | O46: 53 | P46: 12 | Q46: 9 | R46: 23
A47: Subtopic: State Fair Hearings and External Medical Reviews By Originating Plan | D47: =SUM(D37:D46) -> 184 | E47: =SUM(E37:E46) -> 163 | F47: =SUM(F37:F46) -> 205 | G47: =SUM(G37:G46) -> 320 | H47: =SUM(H37:H46) -> 801 | I47: =SUM(I37:I46) -> 80 | J47: =SUM(J37:J46) -> 241 | K47: =SUM(K37:K46) -> 35 | ... R47: =SUM(R37:R46) -> 109
A48: D1.IV.8a | B48: State Fair Hearing requests | C48: Enter the total number of State Fair Hearing requests filed during the reporting year with the plan that issued an adverse benefit determination. | D48: 7 | E48: 9 | F48: 3 | G48: 7 | H48: 7 | I48: 1 | J48: 2 | K48: 0 | L48: 2 | M48: 2 | N48: 1 | O48: 0 | P48: 0 | Q48: 0 | R48: 0
A49: D1.IV.8b | B49: State Fair Hearings resulting in a favorable decision for the enrollee | C49: Enter the total number of State Fair Hearing decisions rendered during the reporting year that were partially or fully favorable to the enrollee. | D49: 0 | E49: 0 | F49: 0 | G49: 0 | H49: 1 | I49: 0 | J49: 0 | K49: 0 | L49: 1 | M49: 0 | N49: 0 | O49: 1 | P49: 0 | Q49: 0 | R49: 0
A50: D1.IV.8c | B50: State Fair Hearings resulting in an adverse decision for the enrollee | C50: Enter the total number of State Fair Hearing decisions rendered during the reporting year that were adverse for the enrollee. | D50: 4 | E50: 0 | F50: 0 | G50: 1 | H50: 2 | I50: 1 | J50: 2 | K50: 0 | L50: 0 | M50: 0 | N50: 1 | O50: 0 | P50: 0 | Q50: 0 | R50: 0
A51: D1.IV.8d | B51: State Fair Hearings retracted prior to reaching a decision | C51: Enter the total number of State Fair Hearing decisions retracted (by the enrollee or the representative who filed a State Fair Hearing request on behalf of the enrollee) during the reporting year prior to reaching a decision. | D51: 3 | E51: 9 | F51: 3 | G51: 6 | H51: 4 | I51: 0 | J51: 0 | K51: 0 | L51: 1 | M51: 2 | N51: 0 | O51: 0 | P51: 0 | Q51: 0 | R51: 0
A52: D1.IV.9a | B52: External Medical Reviews resulting in a favorable decision for the enrollee | C52: If your state does offer an external medical review process, enter the total number of external medical review decisions rendered during the reporting year that were partially or fully favorable to the enrollee. If your state does not offer an external medical review process, please enter "N/A". External medical review is defined and described at 42 CFR §438.402(c)(i)(B). | D52: N/A | E52: N/A | F52: N/A | G52: N/A | H52: N/A | I52: N/A | J52: N/A | K52: N/A | L52: N/A | M52: N/A | N52: N/A | O52: N/A | P52: N/A | Q52: N/A | R52: N/A
A53: D1.IV.9b | B53: External Medical Reviews resulting in an adverse decision for the enrollee | C53: If your state does offer an external medical review process, enter the total number of external medical review decisions rendered during the reporting year that were adverse to the enrollee. If your state does not offer an external medical review process, please enter "N/A". External medical review is defined and described at 42 CFR §438.402(c)(i)(B). | D53: N/A | E53: N/A | F53: N/A | G53: N/A | H53: N/A | I53: N/A | J53: N/A | K53: N/A | L53: N/A | M53: N/A | N53: N/A | O53: N/A | P53: N/A | Q53: N/A | R53: N/A
A54: Subtopic: Grievances
A55: D1.IV.10 | B55: Grievances resolved | C55: Enter the total number of grievances resolved by the plan during the reporting year. A grievance is "resolved" when it has reached completion and been closed by the plan. | D55: 8 | E55: 44 | F55: 46 | G55: 106 | H55: 74 | I55: 21 | J55: 52 | K55: 15 | L55: 118 | M55: 65 | N55: 73 | O55: 105 | P55: 32 | Q55: 23 | R55: 21
A56: D1.IV.11 | B56: Active grievances | C56: Enter the total number of grievances still pending or in process (not yet resolved) as of the end of the reporting year. | D56: 0 | E56: 9 | F56: 5 | G56: 6 | H56: 1 | I56: 1 | J56: 5 | K56: 4 | L56: 5 | M56: 1 | N56: 9 | O56: 11 | P56: 1 | Q56: 3 | R56: 0
A57: D1.IV.12 | B57: Grievances filed on behalf of LTSS users | C57: Enter the total number of grievances filed during the reporting year by or on behalf of LTSS users. An LTSS user is an enrollee who received at least one LTSS service at any point during the reporting year (regardless of whether the enrollee was actively receiving LTSS at the time that the grievance was filed). | D57: NA | E57: N/A | F57: N/A | G57: N/A | H57: N/A | I57: N/A | J57: N/A | K57: N/A | L57: N/A | M57: N/A | N57: N/A | O57: N/A | P57: N/A | Q57: N/A | R57: N/A
A58: D1.IV.13 | B58: Number of critical incidents filed during the reporting period by (or on behalf of) an LTSS user who previously filed a grievance | C58: For managed care plans that cover LTSS, enter the number of critical incidents filed within the reporting year by (or on behalf of) LTSS users who previously filed grievances in the reporting year. The grievance and critical incident do not have to have been "related" to the same issue - they only need to have been filed by (or on behalf of) the same enrollee. Neither the critical incident nor the grievance need to have been filed in relation to delivery of LTSS - they may have been filed for any reason, related to any service received (or desired) by an LTSS user. If the managed care plan does not cover LTSS, the state should enter "N/A" in this field. Additionally, if the state already submitted this data for the reporting year via the CMS readiness review appeal and grievance report (because the managed care program or plan were new or serving new populations during the reporting year), and the readiness review tool was submitted for at least 6 months of the reporting year, the state can enter "N/A" in this field. To calculate this number, states or managed care plans should first identify the LTSS users for whom critical incidents were filed during the reporting year, then determine whether those enrollees had filed a grievance during the reporting year, and whether the filing of the grievance preceded the filing of the critical incident. | D58: N/A | E58: N/A | F58: N/A | G58: N/A | H58: N/A | I58: N/A | J58: N/A | K58: N/A | L58: N/A | M58: N/A | N58: N/A | O58: N/A | P58: N/A | Q58: N/A | R58: N/A
A59: D1.IV.14 | B59: Number of grievances for which timely resolution was provided | C59: Enter the number of grievances for which timely resolution was provided by plan during the reporting year. See 42 CFR §438.408(b)(1) for requirements related to the timely resolution of grievances. | D59: 8 | E59: 44 | F59: 46 | G59: 106 | H59: 74 | I59: 20 | J59: 49 | K59: 13 | L59: 118 | M59: 65 | N59: 73 | O59: 105 | P59: 32 | Q59: 23 | R59: 21
A60: Number of grievances resolved by plan during the reporting period related to the following services: (A single grievance may be related to multiple service types and may therefore be counted in multiple categories below.)
A61: D1.IV.15a | B61: Resolved grievances related to general inpatient services | C61: Enter the total number of grievances resolved by the plan during the reporting year that were related to general inpatient care, including diagnostic and laboratory services. Do not include grievances related to inpatient behavioral health services – those should be included in indicator D1.IV.15c. If the managed care plan does not cover this type of service, enter "N/A". | D61: 0 | E61: 0 | F61: 1 | G61: 2 | H61: 0 | I61: 0 | J61: 0 | K61: 1 | L61: 1 | M61: 0 | N61: 3 | O61: 4 | P61: 0 | Q61: 3 | R61: 0
A62: D1.IV.15b | B62: Resolved grievances related to general outpatient services | C62: Enter the total number of grievances resolved by the plan during the reporting year that were related to general outpatient care, including diagnostic and laboratory services. Do not include grievances related to outpatient behavioral health services – those should be included in indicator D1.IV.15d. If the managed care plan does not cover this type of service, enter "N/A". | D62: 3 | E62: 1 | F62: 1 | G62: 0 | H62: 0 | I62: 0 | J62: 0 | K62: 7 | L62: 49 | M62: 12 | N62: 39 | O62: 43 | P62: 27 | Q62: 12 | R62: 13
A63: D1.IV.15c | B63: Resolved grievances related to inpatient behavioral health services | C63: Enter the total number of grievances resolved by the plan during the reporting year that were related to inpatient mental health and/or substance use services. If the managed care plan does not cover this type of service, enter "N/A". | D63: 0 | E63: 0 | F63: 0 | G63: 0 | H63: 4 | I63: 0 | J63: 0 | K63: 0 | L63: 0 | M63: 0 | N63: 0 | O63: 0 | P63: 0 | Q63: 0 | R63: 0
A64: D1.IV.15d | B64: Resolved grievances related to outpatient behavioral health services | C64: Enter the total number of grievances resolved by the plan during the reporting year that were related to outpatient mental health and/or substance use services. If the managed care plan does not cover this type of service, enter "N/A". | D64: 2 | E64: 0 | F64: 2 | G64: 5 | H64: 7 | I64: 0 | J64: 0 | K64: 5 | L64: 41 | M64: 45 | N64: 14 | O64: 41 | P64: 0 | Q64: 5 | R64: 2
A65: D1.IV.15e | B65: Resolved grievances related to coverage of outpatient prescription drugs | C65: Enter the total number of grievances resolved by the plan during the reporting year that were related to outpatient prescription drugs covered by the managed care plan. If the managed care plan does not cover this type of service, enter "N/A". | D65: 0 | E65: 1 | F65: 0 | G65: 7 | H65: 4 | I65: 0 | J65: 2 | K65: 2 | L65: 6 | M65: 2 | N65: 1 | O65: 8 | P65: 2 | Q65: 1 | R65: 1
A66: D1.IV.15f | B66: Resolved grievances related to skilled nursing facility (SNF) services | C66: Enter the total number of grievances resolved by the plan during the reporting year that were related to SNF services. If the managed care plan does not cover this type of service, enter "N/A". | D66: 0 | E66: 0 | F66: 0 | G66: 0 | H66: 0 | I66: 0 | J66: 0 | K66: 0 | L66: 1 | M66: 0 | N66: 0 | O66: 0 | P66: 1 | Q66: 0 | R66: 0
A67: D1.IV.15g | B67: Resolved grievances related to long-term services and supports (LTSS) | C67: Enter the total number of grievances resolved by the plan during the reporting year that were related to institutional LTSS or LTSS provided through home and community-based (HCBS) services, including personal care and self-directed services. If the managed care plan does not cover this type of service, enter "N/A". | D67: N/A | E67: N/A | F67: N/A | G67: N/A | H67: N/A | I67: N/A | J67: N/A | K67: N/A | L67: N/A | M67: N/A | N67: N/A | O67: N/A | P67: N/A | Q67: N/A | R67: N/A
A68: D1.IV.15h | B68: Resolved grievances related to dental services | C68: Enter the total number of grievances resolved by the plan during the reporting year that were related to dental services. If the managed care plan does not cover this type of service, enter "N/A". | D68: N/A | E68: N/A | F68: N/A | G68: N/A | H68: N/A | I68: N/A | J68: N/A | K68: N/A | L68: N/A | M68: N/A | N68: N/A | O68: N/A | P68: N/A | Q68: N/A | R68: N/A
A69: D1.IV.15i | B69: Resolved grievances related to non-emergency medical transportation (NEMT) | C69: Enter the total number of grievances resolved by the plan during the reporting year that were related to NEMT. If the managed care plan does not cover this type of service, enter "N/A". | D69: 0 | E69: 0 | F69: 0 | G69: 0 | H69: 0 | I69: 0 | J69: 0 | K69: 0 | L69: 0 | M69: 0 | N69: 0 | O69: 0 | P69: 0 | Q69: 0 | R69: 0
A70: D1.IV.15j | B70: Resolved grievances related to other service types | C70: Enter the total number of grievances resolved by the plan during the reporting year that were related to services that do not fit into one of the categories listed above. If the managed care plan does not cover services other than those in items D1.IV.15a-i paid primarily by Medicaid, enter "N/A". | D70: 3 | E70: 42 | F70: 42 | G70: 92 | H70: 59 | I70: 21 | J70: 50 | K70: 0 | L70: 20 | M70: 6 | N70: 16 | O70: 9 | P70: 2 | Q70: 2 | R70: 4
A71: Number of grievances resolved by plan during the reporting period related to the following reasons: (A single grievance may be related to multiple reasons and may therefore be counted in multiple categories below.) | D71: =SUM(D61:D70) -> 8 | E71: =SUM(E61:E70) -> 44 | F71: =SUM(F61:F70) -> 46 | G71: =SUM(G61:G70) -> 106 | H71: =SUM(H61:H70) -> 74 | I71: =SUM(I61:I70) -> 21 | J71: =SUM(J61:J70) -> 52 | K71: =SUM(K61:K70) -> 15 | ... R71: =SUM(R61:R70) -> 20
A72: D1.IV.16a | B72: Resolved grievances related to plan or provider customer service | C72: Enter the total number of grievances resolved by the plan during the reporting year that were related to plan or provider customer service. Customer service grievances include complaints about interactions with the plan's Member Services department, provider offices or facilities, plan marketing agents, or any other plan or provider representatives. | D72: 5 | E72: 23 | F72: 11 | G72: 36 | H72: 4 | I72: 4 | J72: 7 | K72: 8 | L72: 52 | M72: 27 | N72: 36 | O72: 48 | P72: 13 | Q72: 9 | R72: 10
A73: D1.IV.16b | B73: Resolved grievances related to plan or provider care management/case management | C73: Enter the total number of grievances resolved by the plan during the reporting year that were related to plan or provider care management/case management. Care management/case management grievances include complaints about the timeliness of an assessment or complaints about the plan or provider care or case management process. | D73: 0 | E73: 22 | F73: 29 | G73: 48 | H73: 1 | I73: 0 | J73: 1 | K73: 0 | L73: 1 | M73: 0 | N73: 1 | O73: 0 | P73: 0 | Q73: 0 | R73: 0
A74: D1.IV.16c | B74: Resolved grievances related to access to care/services from plan or provider | C74: Enter the total number of grievances resolved by the plan during the reporting year that were related to access to care. Access to care grievances include complaints about difficulties finding qualified in-network providers, excessive travel or wait times, or other access issues. | D74: 0 | E74: 2 | F74: 6 | G74: 10 | H74: 1 | I74: 1 | J74: 3 | K74: 1 | L74: 16 | M74: 11 | N74: 3 | O74: 4 | P74: 0 | Q74: 0 | R74: 1
A75: D1.IV.16d | B75: Resolved grievances related to quality of care | C75: Enter the total number of grievances resolved by the plan during the reporting year that were related to quality of care. Quality of care grievances include complaints about the effectiveness, efficiency, equity, patient-centeredness, safety, and/or acceptability of care provided by a provider or the plan. | D75: 1 | E75: 22 | F75: 29 | G75: 48 | H75: 18 | I75: 5 | J75: 13 | K75: 3 | L75: 34 | M75: 9 | N75: 22 | O75: 39 | P75: 16 | Q75: 13 | R75: 6
A76: D1.IV.16e | B76: Resolved grievances related to plan communications | C76: Enter the total number of grievances resolved by the plan during the reporting year that were related to plan communications. Plan communication grievances include grievances related to the clarity or accuracy of enrollee materials or other plan communications or to an enrollee's access to or the accessibility of enrollee materials or plan communications. | D76: 1 | E76: 0 | F76: 0 | G76: 0 | H76: 0 | I76: 1 | J76: 1 | K76: 0 | L76: 3 | M76: 1 | N76: 4 | O76: 3 | P76: 0 | Q76: 0 | R76: 0
A77: D1.IV.16f | B77: Resolved grievances related to payment or billing issues | C77: Enter the total number of grievances resolved by the plan during the reporting year that were filed for a reason related to payment or billing issues. | D77: 0 | E77: 2 | F77: 4 | G77: 6 | H77: 4 | I77: 3 | J77: 7 | K77: 3 | L77: 7 | M77: 13 | N77: 4 | O77: 10 | P77: 0 | Q77: 1 | R77: 1
A78: D1.IV.16g | B78: Resolved grievances related to suspected fraud | C78: Enter the total number of grievances resolved by the plan during the reporting year that were related to suspected fraud. Suspected fraud grievances include suspected cases of financial/payment fraud perpetuated by a provider, payer, or other entity. Note: grievances reported in this row should only include grievances submitted to the managed care plan, not grievances submitted to another entity, such as a state Ombudsman or Office of the Inspector General. | D78: 0 | E78: 0 | F78: 0 | G78: 0 | H78: 0 | I78: 0 | J78: 0 | K78: 0 | L78: 0 | M78: 0 | N78: 0 | O78: 0 | P78: 0 | Q78: 0 | R78: 0
A79: D1.IV.16h | B79: Resolved grievances related to abuse, neglect or exploitation | C79: Enter the total number of grievances resolved by the plan during the reporting year that were related to abuse, neglect or exploitation. Abuse/neglect/exploitation grievances include cases involving potential or actual patient harm. | D79: 0 | E79: 11 | F79: 13 | G79: 25 | H79: 0 | I79: 0 | J79: 0 | K79: 0 | L79: 0 | M79: 0 | N79: 1 | O79: 0 | P79: 0 | Q79: 0 | R79: 1
A80: D1.IV.16i | B80: Resolved grievances related to lack of timely plan response to a service authorization or appeal (including requests to expedite or extend appeals) | C80: Enter the total number of grievances resolved by the plan during the reporting year that were filed due to a lack of timely plan response to a service authorization or appeal request (including requests to expedite or extend appeals). | D80: 0 | E80: 0 | F80: 0 | G80: 0 | H80: 1 | I80: 0 | J80: 0 | K80: 0 | L80: 1 | M80: 3 | N80: 1 | O80: 0 | P80: 0 | Q80: 0 | R80: 1
A81: D1.IV.16j | B81: Resolved grievances related to plan denial of expedited appeal | C81: Enter the total number of grievances resolved by the plan during the reporting year that were related to the plan's denial of an enrollee's request for an expedited appeal. Per 42 CFR §438.408(b)(3), states must establish a timeframe for timely resolution of expedited appeals that is no longer than 72 hours after the MCO, PIHP or PAHP receives the appeal. If a plan denies a request for an expedited appeal, the enrollee or their representative have the right to file a grievance. | D81: 0 | E81: 0 | F81: 0 | G81: 0 | H81: 0 | I81: 0 | J81: 0 | K81: 0 | L81: 0 | M81: 0 | N81: 0 | O81: 0 | P81: 0 | Q81: 0 | R81: 0
A82: D1.IV.16k | B82: Resolved grievances filed for other reasons | C82: Enter the total number of grievances resolved by the plan during the reporting year that were filed for a reason other than the reasons listed above. | D82: 1 | E82: 6 | F82: 7 | G82: 26 | H82: 45 | I82: 7 | J82: 20 | K82: 0 | L82: 4 | M82: 1 | N82: 1 | O82: 1 | P82: 3 | Q82: 0 | R82: 1
A83: X. Program Integrity | D83: =SUM(D72:D82) -> 8 | E83: =SUM(E72:E82) -> 88 | F83: =SUM(F72:F82) -> 99 | G83: =SUM(G72:G82) -> 199 | H83: =SUM(H72:H82) -> 74 | I83: =SUM(I72:I82) -> 21 | J83: =SUM(J72:J82) -> 52 | K83: =SUM(K72:K82) -> 15 | ... R83: =SUM(R72:R82) -> 21
A84: D1.X.1 | B84: Dedicated program integrity staff | C84: Report or enter the number of dedicated program integrity staff for routine internal monitoring and compliance risks. Refer to 42 CFR 438.608(a)(1)(vii). | D84: 3 | E84: 3 | F84: 3 | G84: 3 | H84: 4 | I84: 23 | J84: 23 | K84: 10 | L84: 10 | M84: 10 | N84: 10 | O84: 10 | P84: 10 | Q84: 10 | R84: 10
A85: D1.X.2 | B85: Count of opened program integrity investigations | C85: How many program integrity investigations were opened by the plan during the reporting year? | D85: 12 | E85: 2 | F85: 3 | G85: 4 | H85: 19 | I85: 43 | J85: 43 | K85: 34 | L85: 62 | M85: 54 | N85: 72 | O85: 71 | P85: 34 | Q85: 49 | R85: 39
A86: D1.X.3 | B86: Ratio of opened program integrity investigations to enrollees | C86: What is the ratio of program integrity investigations opened by the plan in the past year to the average number of individuals enrolled in the plan per month during the reporting year (i.e., average member months)? Express this as a ratio per 1,000 beneficiaries. | D86: =IF(OR(ISBLANK(E$4),ISBLANK(E$85)), "Autocalculated (Excel only)",ROUND((1000*E85)/E4,D862)&":"&1000) -> 0:1000 | E86: =IF(OR(ISBLANK(F$4),ISBLANK(F$85)), "Autocalculated (Excel only)",ROUND((1000*F85)/F4,E862)&":"&1000) -> 0:1000 | F86: =IF(OR(ISBLANK(F$4),ISBLANK(F$85)), "Autocalculated (Excel only)",ROUND((1000*F85)/F4,E862)&":"&1000) -> 0:1000 | G86: =IF(OR(ISBLANK(G$4),ISBLANK(G$85)), "Autocalculated (Excel only)",ROUND((1000*G85)/G4,2)&":"&1000) -> 0.1:1000 | H86: =IF(OR(ISBLANK(H$4),ISBLANK(H$85)), "Autocalculated (Excel only)",ROUND((1000*H85)/H4,2)&":"&1000) -> 0.13:1000 | I86: =IF(OR(ISBLANK(I$4),ISBLANK(I$85)), "Autocalculated (Excel only)",ROUND((1000*I85)/I4,2)&":"&1000) -> 1.18:1000 | J86: =IF(OR(ISBLANK(J$4),ISBLANK(J$85)), "Autocalculated (Excel only)",ROUND((1000*J85)/J4,2)&":"&1000) -> 0.92:1000 | K86: =IF(OR(ISBLANK(K$4),ISBLANK(K$85)), "Autocalculated (Excel only)",ROUND((1000*K85)/K4,2)&":"&1000) -> 1.15:1000 | L86: =IF(OR(ISBLANK(L$4),ISBLANK(L$85)), "Autocalculated (Excel only)",ROUND((1000*L85)/L4,2)&":"&1000) -> 0.93:1000 | M86: =IF(OR(ISBLANK(M$4),ISBLANK(M$85)), "Autocalculated (Excel only)",ROUND((1000*M85)/M4,2)&":"&1000) -> 0.41:1000 | N86: =IF(OR(ISBLANK(N$4),ISBLANK(N$85)), "Autocalculated (Excel only)",ROUND((1000*N85)/N4,2)&":"&1000) -> 1.28:1000 | ... AL86: =IF(OR(ISBLANK(AL$4),ISBLANK(AL$85)), "Autocalculated (Excel only)",ROUND((1000*AL85)/AL4,2)&":"&1000) -> Autocalculated (Excel only)
A87: D1.X.4 | B87: Count of resolved program integrity investigations | C87: How many program integrity investigations were resolved by the plan during the reporting year? | D87: 3 | E87: 3 | F87: 4 | G87: 4 | H87: 13 | I87: 1 | J87: 1 | K87: 19 | L87: 40 | M87: 29 | N87: 72 | O87: 108 | P87: 52 | Q87: 73 | R87: 66
A88: D1.X.5 | B88: Ratio of resolved program integrity investigations to enrollees | C88: What is the ratio of program integrity investigations resolved by the plan in the past year to the average number of individuals enrolled in the plan per month during the reporting year (i.e., average member months)? Express this as a ratio per 1,000 beneficiaries. | D88: =IF(OR(ISBLANK(E$4),ISBLANK(E$87)), "Autocalculated (Excel only)",ROUND((1000*E87)/E4,2)&":"&1000) -> 0.17:1000 | E88: =IF(OR(ISBLANK(F$4),ISBLANK(F$87)), "Autocalculated (Excel only)",ROUND((1000*F87)/F4,2)&":"&1000) -> 0.11:1000 | F88: =IF(OR(ISBLANK(F$4),ISBLANK(F$87)), "Autocalculated (Excel only)",ROUND((1000*F87)/F4,2)&":"&1000) -> 0.11:1000 | G88: =IF(OR(ISBLANK(G$4),ISBLANK(G$87)), "Autocalculated (Excel only)",ROUND((1000*G87)/G4,2)&":"&1000) -> 0.1:1000 | H88: =IF(OR(ISBLANK(H$4),ISBLANK(H$87)), "Autocalculated (Excel only)",ROUND((1000*H87)/H4,2)&":"&1000) -> 0.09:1000 | I88: =IF(OR(ISBLANK(I$4),ISBLANK(I$87)), "Autocalculated (Excel only)",ROUND((1000*I87)/I4,2)&":"&1000) -> 0.03:1000 | J88: =IF(OR(ISBLANK(J$4),ISBLANK(J$87)), "Autocalculated (Excel only)",ROUND((1000*J87)/J4,2)&":"&1000) -> 0.02:1000 | K88: =IF(OR(ISBLANK(K$4),ISBLANK(K$87)), "Autocalculated (Excel only)",ROUND((1000*K87)/K4,2)&":"&1000) -> 0.64:1000 | L88: =IF(OR(ISBLANK(L$4),ISBLANK(L$87)), "Autocalculated (Excel only)",ROUND((1000*L87)/L4,2)&":"&1000) -> 0.6:1000 | M88: =IF(OR(ISBLANK(M$4),ISBLANK(M$87)), "Autocalculated (Excel only)",ROUND((1000*M87)/M4,2)&":"&1000) -> 0.22:1000 | ... AL88: =IF(OR(ISBLANK(AL$4),ISBLANK(AL$87)), "Autocalculated (Excel only)",ROUND((1000*AL87)/AL4,2)&":"&1000) -> Autocalculated (Excel only)
A89: D1.X.6 | B89: Referral path for program integrity referrals to the state | C89: What is the referral path that the plan uses to make program integrity referrals to the state? Select one. | D89: The plan makes some referrals to the SMA and others directly to the MFCU. | E89: The plan makes some referrals to the SMA and others directly to the MFCU. | F89: The plan makes some referrals to the SMA and others directly to the MFCU. | G89: The plan makes some referrals to the SMA and others directly to the MFCU. | H89: The plan makes some referrals to the SMA and others directly to the MFCU. | I89: The plan makes some referrals to the SMA and others directly to the MFCU. | J89: The plan makes some referrals to the SMA and others directly to the MFCU. | K89: The plan makes some referrals to the SMA and others directly to the MFCU. | L89: The plan makes some referrals to the SMA and others directly to the MFCU. | M89: The plan makes some referrals to the SMA and others directly to the MFCU. | N89: The plan makes some referrals to the SMA and others directly to the MFCU. | O89: The plan makes some referrals to the SMA and others directly to the MFCU. | P89: The plan makes some referrals to the SMA and others directly to the MFCU. | Q89: The plan makes some referrals to the SMA and others directly to the MFCU. | R89: The plan makes some referrals to the SMA and others directly to the MFCU.
A90: D1.X.7 | B90: Count of program integrity referrals to the state | C90: Enter the total number of program integrity referrals made during the reporting year. · If the plan makes referrals to the MFCU only or to the SMA only, enter the count of referrals made. · If the plan makes referrals to the SMA and MFCU concurrently, enter the count of unduplicated referrals. · If the plan makes some referrals to the SMA and others directly to the MFCU, enter the count of referrals made to the SMA and the MFCU in aggregate. | D90: 3 | E90: 4 | F90: 4 | G90: 3 | H90: 0 | I90: 43 | J90: 43 | K90: 0 | L90: 1 | M90: 2 | N90: 91 | O90: 9 | P90: 1 | Q90: 5 | R90: 3
A91: D1.X.8 | B91: Ratio of program integrity referrals to the state | C91: What is the ratio of program integrity referrals listed in indicator D1.X.7 made to the state during the reporting year to the number of enrollees? For number of enrollees, use the average number of individuals enrolled in the plan per month during the reporting year (reported in indicator D1.I.1). Express this as a ratio per 1,000 beneficiaries. | D91: =IF(OR(ISBLANK(D$4),ISBLANK(D$90)), "Autocalculated (Excel only)",ROUND((1000*D90)/D4,2)&":"&1000) -> 0.06:1000 | E91: =IF(OR(ISBLANK(E$4),ISBLANK(E$90)), "Autocalculated (Excel only)",ROUND((1000*E90)/E4,2)&":"&1000) -> 0.22:1000 | F91: =IF(OR(ISBLANK(F$4),ISBLANK(F$90)), "Autocalculated (Excel only)",ROUND((1000*F90)/F4,2)&":"&1000) -> 0.11:1000 | G91: =IF(OR(ISBLANK(G$4),ISBLANK(G$90)), "Autocalculated (Excel only)",ROUND((1000*G90)/G4,2)&":"&1000) -> 0.07:1000 | H91: =IF(OR(ISBLANK(H$4),ISBLANK(H$90)), "Autocalculated (Excel only)",ROUND((1000*H90)/H4,2)&":"&1000) -> 0:1000 | I91: =IF(OR(ISBLANK(I$4),ISBLANK(I$90)), "Autocalculated (Excel only)",ROUND((1000*I90)/I4,2)&":"&1000) -> 1.18:1000 | J91: =IF(OR(ISBLANK(J$4),ISBLANK(J$90)), "Autocalculated (Excel only)",ROUND((1000*J90)/J4,2)&":"&1000) -> 0.92:1000 | K91: =IF(OR(ISBLANK(K$4),ISBLANK(K$90)), "Autocalculated (Excel only)",ROUND((1000*K90)/K4,2)&":"&1000) -> 0:1000 | ... AL91: =IF(OR(ISBLANK(AL$4),ISBLANK(AL$90)), "Autocalculated (Excel only)",ROUND((1000*AL90)/AL4,2)&":"&1000) -> Autocalculated (Excel only)
A92: D1.X.9a | B92: Plan overpayment reporting to the state: Start Date | C92: What is the start date of the reporting period covered by the plan's latest overpayment recovery report submitted to the state? MM/DD/YYYY | D92: 45292 | E92: 45292 | F92: 45292 | G92: 45292 | H92: 45292 | I92: 45292 | J92: 45292 | K92: 45292 | L92: 45292 | M92: 45292 | N92: 45292 | O92: 45292 | P92: 45292 | Q92: 45292 | R92: 45292
A93: D1.X.9b | B93: Plan overpayment reporting to the state: End Date | C93: What is the end date of the reporting period covered by the plan's latest overpayment recovery report submitted to the state? MM/DD/YYYY | D93: 45657 | E93: 45657 | F93: 45657 | G93: 45657 | H93: 45657 | I93: 45657 | J93: 45657 | K93: 45657 | L93: 45657 | M93: 45657 | N93: 45657 | O93: 45657 | P93: 45657 | Q93: 45657 | R93: 45657
A94: D1.X.9c | B94: Plan overpayment reporting to the state: Dollar amount | C94: From the plan's latest annual overpayment recovery report, what is the total amount of overpayments recovered? | D94: 752644.84 | E94: 2900.64 | F94: 950.95 | G94: 2900.64 | H94: 938315.92 | I94: 13378.37 | J94: 0 | K94: 136605.2 | L94: 1097945.6 | M94: 794718.39 | N94: 11112609 | O94: 4383004 | P94: 664975.26 | Q94: 513981 | R94: 677714.32
A95: D1.X.9d | B95: Plan overpayment reporting to the state: Corresponding premium revenue | C95: What is the total amount of premium revenue for the corresponding reporting period (D1.X.9a-b)? (Premium revenue as defined in MLR reporting under 438.8(f)(2)) | D95: 4.9027314e+08 | E95: 208546055 | F95: 275744052 | G95: 310963705 | H95: 1338918115 | I95: 2.9001741e+08 | J95: 4.6663105e+08 | K95: 1.0853131e+08 | L95: 2.8769087e+08 | M95: 3.5023264e+08 | N95: 2.2361363e+08 | O95: 6.8722807e+08 | P95: 1.12983e+08 | Q95: 1.0380551e+08 | R95: 94317185
A96: D1.X.10 | B96: Changes in beneficiary circumstances | C96: Select the frequency the plan reports changes in beneficiary circumstances to the state. | D96: Promptly when plan receives information about the change | E96: Promptly when plan receives information about the change | F96: Promptly when plan receives information about the change | G96: Promptly when plan receives information about the change | H96: Promptly when plan receives information about the change | I96: Promptly when plan receives information about the change | J96: Promptly when plan receives information about the change | K96: Promptly when plan receives information about the change | L96: Promptly when plan receives information about the change | M96: Promptly when plan receives information about the change | N96: Promptly when plan receives information about the change | O96: Promptly when plan receives information about the change | P96: Promptly when plan receives information about the change | Q96: Promptly when plan receives information about the change | R96: Promptly when plan receives information about the change

Sheet D2_Plan_Measures
A1: [D2] Plan-Level, State-Specific Indicators: Quality and Performance Measures
A2: # | B2: Indicator | C2: Instruction | D2: Measure #1 | E2: Measure #2 | F2: Measure #3 | G2: Measure #4 | H2: Measure #5 | I2: Measure #6 | J2: Measure #7 | K2: Measure #8 | L2: Measure #9 | M2: Measure #10 | N2: Measure #11 | O2: Measure #12 | P2: Measure #13 | Q2: Measure #14 | R2: Measure #15 | S2: Measure #16
A3: Instructions
A4: Describe the measures the state uses to monitor quality and performance by selecting drop downs. Consider measures in each of the following eight domains: (1) Primary care access and preventive care, (2) Maternal and perinatal health, (3) Care of acute and chronic conditions, (4) Behavioral health care, (5) Dental and oral health services, (6) Health plan enrollee experience of care, (7) Long-term services and supports, and (8) Other. Report one column per measure. Note: if no measures are reported in a particular domain, list "N/A" under that domain. If the state does not have data available over the time period with which it is requested in the MCPAR, use the most recent data available and note the reporting period that the data cover.
A6: Background
A7: Per 42 CFR 438.66(e)(2)(vii), the Managed Care Program Annual Report must provide information on and an assessment of the operation of the managed care program including evaluation of MCO, PIHP, or PAHP performance on quality measures, including as applicable, consumer report card, surveys, or other reasonable measures of performance.
A8: VII. Quality and Performance Measures
A9: D2.VII.1 | B9: Measure domain | C9: Report on individual measures in each of the following eight domains: (1) Primary care access and preventive care, (2) Maternal and perinatal health, (3) Care of acute and chronic conditions, (4) Behavioral health care, (5) Dental and oral health services, (6) Health plan enrollee experience of care, (7) Long-term services and supports, and (8) Other. Select domains from the dropdown or add your own as needed. | D9: Behavioral health care | E9: Behavioral health care | F9: Behavioral health care | G9: Behavioral health care | H9: Behavioral health care | I9: Behavioral health care | J9: Maternal and perinatal health | K9: Maternal and perinatal health | L9: Health plan enrollee experience of care | M9: Health plan enrollee experience of care | N9: Health plan enrollee experience of care | O9: Health plan enrollee experience of care | P9: Health plan enrollee experience of care | Q9: Health plan enrollee experience of care | R9: Health plan enrollee experience of care | S9: Health plan enrollee experience of care
A10: D2.VII.2 | B10: Measure name | C10: What is the measure name? | D10: Screening for Depression and Follow-up Plan | E10: Follow-Up After ED Visit for SUD - 7 Days (Total) | F10: Follow-Up After Hospitalization for Mental Illness - 7 Days (Total) | G10: Follow-Up After ED Visit for Mental Illness - 7 Days (Total) | H10: Engagement of Substance Use Disorder Treatment (Total) | I10: Initiation of Substance Use Disorder Treatment (Total) | J10: Prenatal and Postpartum Care - Postpartum Care | K10: Prenatal and Postpartum Care - Timeliness of Prenatal Care | L10: CG CAHPS Adult: Overall Rating and Care Delivery: Communication | M10: CG CAHPS AD Adult: Person-Centered Integrated Care: Integration of Care | N10: CG CAHPS AD Adult: Person-Centered Integrated Care: Knowledge of Patient | O10: Adult: Overall Rating and Care Delivery: Willingness to Recommend | P10: CG CAHPS CH Child: Overall Rating and Care Delivery: Communication | Q10: CG CAHPS CH Child: Person-Centered Integrated Care: Integration of Care | R10: CG CAHPS CH Child: Person-Centered Integrated Care: Knowledge of Patient | S10: CG CAHPS CH Child: Overall Rating and Care Delivery: Willingness to recommend
A11: D2.VII.3 | B11: NQF | C11: What is the NQF number? | D11: NA | E11: 3489 | F11: 0576 | G11: 3488 | H11: 0004 | I11: 0004 | J11: 1517 | K11: 1517 | L11: NA | M11: NA | N11: NA | O11: NA | P11: NA | Q11: NA | R11: NA | S11: NA
A12: D2.VII.4 | B12: Measure reporting | C12: Is measure reporting program-specific or cross-program? Select one. | D12: Program-specific rate | E12: Program-specific rate | F12: Program-specific rate | G12: Program-specific rate | H12: Program-specific rate | I12: Program-specific rate | J12: Program-specific rate | K12: Program-specific rate | L12: Program-specific rate | M12: Program-specific rate | N12: Program-specific rate | O12: Program-specific rate | P12: Program-specific rate | Q12: Program-specific rate | R12: Program-specific rate | S12: Program-specific rate
A13: D2.VII.5 | B13: Measure reporting: List programs | C13: If measure reporting is cross-program, what are the programs? Separate program names with a comma. | D13: NA | E13: NA | F13: NA | G13: NA | H13: NA | I13: NA | J13: NA | K13: NA | L13: NA | M13: NA | N13: NA | O13: NA | P13: NA | Q13: NA | R13: NA | S13: NA
A14: D2.VII.6 | B14: Measure set | C14: What is the measure set? Select one or use free text for "other". | D14: State-specific | E14: Other (Medicaid Adult and Child Core Sets) | F14: Other (Medicaid Adult and Child Core Sets) | G14: Other (Medicaid Adult and Child Core Sets) | H14: Medicaid Adult Core Set | I14: Medicaid Adult Core Set | J14: Other (Medicaid Adult and Child Core Sets) | K14: Other (Medicaid Adult and Child Core Sets) | L14: Other (CG CAHPS:AD) | M14: Other (CG CAHPS:AD) | N14: Other (CG CAHPS:AD) | O14: Other (CG CAHPS:AD) | P14: Other (CG CAHPS: CH) | Q14: Other (CG CAHPS: CH) | R14: Other (CG CAHPS: CH) | S14: Other (CG CAHPS: CH)
A15: D2.VII.7a | B15: Reporting period | C15: Is the reporting period the same as what is requested in this report? Select yes or no. | D15: No | E15: No | F15: No | G15: No | H15: No | I15: No | J15: No | K15: No | L15: No | M15: No | N15: No | O15: No | P15: No | Q15: No | R15: No | S15: No
A16: D2.VII.7b | B16: Reporting period: Date range | C16: If not, what is the reporting period covered by the measure? Add a date range. | D16: 4/1/23-12/31/23 | E16: 4/1/23-12/31/23 | F16: 4/1/23-12/31/23 | G16: 4/1/23-12/31/23 | H16: 4/1/23-12/31/23 | I16: 4/1/23-12/31/23 | J16: 4/1/23-12/31/23 | K16: 4/1/23-12/31/23 | L16: 4/1/23-12/31/23 | M16: 4/1/23-12/31/23 | N16: 4/1/23-12/31/23 | O16: 4/1/23-12/31/23 | P16: 4/1/23-12/31/23 | Q16: 4/1/23-12/31/23 | R16: 4/1/23-12/31/23 | S16: 4/1/23-12/31/23
A17: D2.VII.8 | B17: Measure description | C17: For measures that are not part of standardized national measure sets (i.e. state-specific measures), states should provide a description of the measure (for example, numerator and denominator). | D17: The specifications for this measure are the same as the Medicaid Adult and Child Core Sets, but the administration methodology is the hybrid methodology. | E17: NA | F17: NA | G17: NA | H17: NA | I17: NA | J17: NA | K17: NA | L17: NA | M17: NA | N17: NA | O17: NA | P17: NA | Q17: NA | R17: NA | S17: NA
A18: Add plan-level details for each measure. Plan names autopopulate from the Program Information tab.
A19: N/A | B19: =IF(A_Program_Info!$D12="","[Plan 1]",A_Program_Info!$D12)&": "&"Measure results" -> Be Healthy Partnership Plan: Measure results | C19: What are the measure results for this plan? Add free text or N/A if not applicable. | D19: 0.543 | E19: 0.351 | F19: 0.301 | G19: 0.66 | H19: 0.252 | I19: 0.551 | J19: 0.798 | K19: 0.908 | L19: 0.925 | M19: 0.843 | N19: 0.855 | O19: 0.865 | P19: 0.928 | Q19: 0.785 | R19: 0.862 | S19: 0.872
A20: N/A | B20: =IF(A_Program_Info!$D13="","[Plan 2]",A_Program_Info!$D13)&": "&"Measure results" -> Berkshire Fallon Health Collaborative: Measure results | C20: What are the measure results for this plan? Add free text or N/A if not applicable. | D20: 0.236 | E20: 0.456 | F20: 0.476 | G20: 0.854 | H20: 0.367 | I20: 0.595 | J20: 0.909 | K20: 0.899 | L20: 0.931 | M20: 0.864 | N20: 0.873 | O20: 0.88 | P20: 0.979 | Q20: 0.891 | R20: 0.917 | S20: 0.924
A21: N/A | B21: =IF(A_Program_Info!$D14="","[Plan 3]",A_Program_Info!$D14)&": "&"Measure results" -> Fallon 365 Care: Measure results | C21: What are the measure results for this plan? Add free text or N/A if not applicable. | D21: 0.347 | E21: 0.312 | F21: 0.433 | G21: 0.773 | H21: 0.134 | I21: 0.338 | J21: 0.868 | K21: 0.898 | L21: 0.954 | M21: 0.876 | N21: 0.887 | O21: 0.91 | P21: 0.965 | Q21: 0.891 | R21: 0.91 | S21: 0.94
A22: N/A | B22: =IF(A_Program_Info!$D15="","[Plan 4]",A_Program_Info!$D15)&": "&"Measure results" -> Fallon Health-Atrius Health Care Collaborative: Measure results | C22: What are the measure results for this plan? Add free text or N/A if not applicable. | D22: 0.396 | E22: 0.25 | F22: 0.428 | G22: 0.689 | H22: 0.101 | I22: 0.337 | J22: 0.794 | K22: 0.899 | L22: 0.937 | M22: 0.871 | N22: 0.875 | O22: 0.891 | P22: 0.963 | Q22: 0.879 | R22: 0.914 | S22: 0.941
A23: N/A | B23: =IF(A_Program_Info!$D16="","[Plan 5]",A_Program_Info!$D16)&": "&"Measure results" -> Mass General Brigham Health Plan with Mass General Brigham ACO: Measure results | C23: What are the measure results for this plan? Add free text or N/A if not applicable. | D23: 0.681 | E23: 0.374 | F23: 0.472 | G23: 0.69 | H23: 0.173 | I23: 0.382 | J23: 0.87 | K23: 0.932 | L23: 0.931 | M23: 0.855 | N23: 0.87 | O23: 0.884 | P23: 0.967 | Q23: 0.867 | R23: 0.922 | S23: 0.933
A24: N/A | B24: =IF(A_Program_Info!$D17="","[Plan 6]",A_Program_Info!$D17)&": "&"Measure results" -> Tufts Health Together with Cambridge Health Alliance (CHA): Measure results | C24: What are the measure results for this plan? Add free text or N/A if not applicable. | D24: 0.387 | E24: 0.368 | F24: 0.495 | G24: 0.625 | H24: 0.215 | I24: 0.495 | J24: 0.932 | K24: 0.981 | L24: 0.932 | M24: 0.842 | N24: 0.862 | O24: 0.88 | P24: 0.949 | Q24: 0.806 | R24: 0.885 | S24: 0.888
A25: N/A | B25: =IF(A_Program_Info!$D18="","[Plan 7]",A_Program_Info!$D18)&": "&"Measure results" -> Tufts Health Together with UMass Memorial Health: Measure results | C25: What are the measure results for this plan? Add free text or N/A if not applicable. | D25: 0.528 | E25: 0.372 | F25: 0.419 | G25: 0.731 | H25: 0.169 | I25: 0.392 | J25: 0.845 | K25: 0.95 | L25: 0.923 | M25: 0.835 | N25: 0.866 | O25: 0.871 | P25: 0.956 | Q25: 0.859 | R25: 0.898 | S25: 0.913
A26: N/A | B26: =IF(A_Program_Info!$D19="","[Plan 8]",A_Program_Info!$D19)&": "&"Measure results" -> East Boston Neighborhood Health WellSense Alliance: Measure results | C26: What are the measure results for this plan? Add free text or N/A if not applicable. | D26: 0.643 | E26: 0.428 | F26: 0.467 | G26: 0.691 | H26: 0.126 | I26: 0.484 | J26: 0.93 | K26: 0.963 | L26: 0.94 | M26: 0.809 | N26: 0.877 | O26: 0.897 | P26: 0.95 | Q26: 0.865 | R26: 0.894 | S26: 0.911
A27: N/A | B27: =IF(A_Program_Info!$D20="","[Plan 9]",A_Program_Info!$D20)&": "&"Measure results" -> WellSense Beth Israel Lahey Health (BILH) Performance Network ACO: Measure results | C27: What are the measure results for this plan? Add free text or N/A if not applicable. | D27: 0.405 | E27: 0.378 | F27: 0.445 | G27: 0.696 | H27: 0.182 | I27: 0.488 | J27: 0.879 | K27: 0.955 | L27: 0.939 | M27: 0.867 | N27: 0.87 | O27: 0.881 | P27: 0.955 | Q27: 0.869 | R27: 0.878 | S27: 0.892
A28: N/A | B28: =IF(A_Program_Info!$D21="","[Plan 10]",A_Program_Info!$D21)&": "&"Measure results" -> WellSense Boston Children's ACO: Measure results | C28: What are the measure results for this plan? Add free text or N/A if not applicable. | D28: 0.598 | E28: 0.287 | F28: 0.535 | G28: 0.824 | H28: 0.113 | I28: 0.433 | J28: 0.832 | K28: 0.926 | L28: 0.951 | M28: 0.86 | N28: 0.903 | O28: 0.915 | P28: 0.968 | Q28: 0.878 | R28: 0.924 | S28: 0.944
A29: N/A | B29: =IF(A_Program_Info!$D22="","[Plan 11]",A_Program_Info!$D22)&": "&"Measure results" -> WellSense Care Alliance: Measure results | C29: What are the measure results for this plan? Add free text or N/A if not applicable. | D29: 0.475 | E29: 0.329 | F29: 0.4 | G29: 0.68 | H29: 0.204 | I29: 0.543 | J29: 0.818 | K29: 0.934 | L29: 0.915 | M29: 0.846 | N29: 0.853 | O29: 0.855 | P29: 0.954 | Q29: 0.862 | R29: 0.878 | S29: 0.905
A30: N/A | B30: =IF(A_Program_Info!$D23="","[Plan 12]",A_Program_Info!$D23)&": "&"Measure results" -> WellSense Community Alliance: Measure results | C30: What are the measure results for this plan? Add free text or N/A if not applicable. | D30: 0.482 | E30: 0.393 | F30: 0.464 | G30: 0.718 | H30: 0.198 | I30: 0.525 | J30: 0.912 | K30: 0.934 | L30: 0.943 | M30: 0.844 | N30: 0.876 | O30: 0.89 | P30: 0.964 | Q30: 0.859 | R30: 0.894 | S30: 0.914
A31: N/A | B31: =IF(A_Program_Info!$D24="","[Plan 13]",A_Program_Info!$D24)&": "&"Measure results" -> WellSense Mercy Alliance: Measure results | C31: What are the measure results for this plan? Add free text or N/A if not applicable. | D31: 0.275 | E31: 0.388 | F31: 0.57 | G31: 0.852 | H31: 0.224 | I31: 0.498 | J31: 0.887 | K31: 0.917 | L31: 0.891 | M31: 0.819 | N31: 0.816 | O31: 0.819 | P31: 0.931 | Q31: 0.852 | R31: 0.854 | S31: 0.867
A32: N/A | B32: =IF(A_Program_Info!$D25="","[Plan 14]",A_Program_Info!$D25)&": "&"Measure results" -> WellSense Signature Alliance: Measure results | C32: What are the measure results for this plan? Add free text or N/A if not applicable. | D32: 0.593 | E32: 0.432 | F32: 0.566 | G32: 0.663 | H32: 0.219 | I32: 0.605 | J32: 0.87 | K32: 0.933 | L32: 0.924 | M32: 0.844 | N32: 0.855 | O32: 0.866 | P32: 0.931 | Q32: 0.818 | R32: 0.86 | S32: 0.879
A33: N/A | B33: =IF(A_Program_Info!$D26="","[Plan 15]",A_Program_Info!$D26)&": "&"Measure results" -> WellSense Southcoast Alliance: Measure results | C33: What are the measure results for this plan? Add free text or N/A if not applicable. | D33: 0.426 | E33: 0.379 | F33: 0.497 | G33: 0.81 | H33: 0.159 | I33: 0.433 | J33: 0.906 | K33: 0.95 | L33: 0.94 | M33: 0.886 | N33: 0.876 | O33: 0.891 | P33: 0.988 | Q33: 0.939 | R33: 0.927 | S33: 0.947
A34: N/A | B34: =IF(A_Program_Info!$D27="","[Plan 16]",A_Program_Info!$D27)&": "&"Measure results" -> [Plan 16]: Measure results | C34: What are the measure results for this plan? Add free text or N/A if not applicable.
A35: N/A | B35: =IF(A_Program_Info!$D28="","[Plan 17]",A_Program_Info!$D28)&": "&"Measure results" -> [Plan 17]: Measure results | C35: What are the measure results for this plan? Add free text or N/A if not applicable.
A36: N/A | B36: =IF(A_Program_Info!$D29="","[Plan 18]",A_Program_Info!$D29)&": "&"Measure results" -> [Plan 18]: Measure results | C36: What are the measure results for this plan? Add free text or N/A if not applicable.
A37: N/A | B37: =IF(A_Program_Info!$D30="","[Plan 19]",A_Program_Info!$D30)&": "&"Measure results" -> [Plan 19]: Measure results | C37: What are the measure results for this plan? Add free text or N/A if not applicable.
A38: N/A | B38: =IF(A_Program_Info!$D31="","[Plan 20]",A_Program_Info!$D31)&": "&"Measure results" -> [Plan 20]: Measure results | C38: What are the measure results for this plan? Add free text or N/A if not applicable.
A39: N/A | B39: =IF(A_Program_Info!$D32="","[Plan 21]",A_Program_Info!$D32)&": "&"Measure results" -> [Plan 21]: Measure results | C39: What are the measure results for this plan? Add free text or N/A if not applicable.
A40: N/A | B40: =IF(A_Program_Info!$D33="","[Plan 22]",A_Program_Info!$D33)&": "&"Measure results" -> [Plan 22]: Measure results | C40: What are the measure results for this plan? Add free text or N/A if not applicable.
A41: N/A | B41: =IF(A_Program_Info!$D34="","[Plan 23]",A_Program_Info!$D34)&": "&"Measure results" -> [Plan 23]: Measure results | C41: What are the measure results for this plan? Add free text or N/A if not applicable.
A42: N/A | B42: =IF(A_Program_Info!$D35="","[Plan 24]",A_Program_Info!$D35)&": "&"Measure results" -> [Plan 24]: Measure results | C42: What are the measure results for this plan? Add free text or N/A if not applicable.

Sheet D3_Plan_Sanctions 
A1: [D3] Plan-Level, State-Specific Indicators: Sanctions
A2: # | B2: Indicator | C2: Instruction | D2: Sanction #1 | E2: Sanction #2 | F2: Sanction #3 | G2: Sanction #4 | H2: Sanction #5 | I2: Sanction #6 | J2: Sanction #7 | K2: Sanction #8 | L2: Sanction #9
A3: Instructions
A4: Describe sanctions that the state has issued for each plan. Report all known actions across the following domains: sanctions, administrative penalties, corrective action plans, other.
A6: Background
A7: 42 CFR 438.66(e)(2)(viii) specifies that the MCPAR include the results of any sanctions or corrective action plans imposed by the State or other formal or informal intervention with a contracted MCO, PIHP, PAHP, or PCCM entity to improve performance.
A8: VIII. Sanctions
A9: D3.VIII.1 | B9: Intervention type | C9: What type of intervention? Select one. | D9: Corrective action plan | E9: Corrective action plan | F9: Corrective action plan | G9: Corrective action plan | H9: Corrective action plan | I9: Corrective Action | J9: Corrective Action | K9: Corrective Action | L9: Corrective Action
A10: D3.VIII.2 | B10: Plan performance issue | C10: What area of plan performance was associated with the intervention? Select one. | D10: PCP Network adequacy | E10: Performance Improvement | F10: Performance Improvement | G10: Performance Improvement | H10: Performance Improvement | I10: Performance Improvement | J10: Performance Improvement | K10: Performance Improvement | L10: Performance Improvement
A11: D3.VIII.3 | B11: Plan name | C11: What is the name of the plan attached to the sanction or corrective action plan? Select plan name. | D11: Fallon 365 Care | E11: East Boston Neighborhood Health WellSense Alliance | F11: WellSense Beth Israel Lahey Health (BILH) Performance Network ACO | G11: WellSense Boston Children's ACO | H11: WellSense Care Alliance | I11: WellSense Mercy Alliance | J11: WellSense Signature Alliance | K11: WellSense Southcoast Alliance | L11: WellSense Community Aliiance
A12: D3.VIII.4 | B12: Reason for intervention | C12: What was the reason for intervention? Add a description. | D12: Inadequate access to PCPs | E12: Loss of NCQA accreditation | F12: Loss of NCQA accreditation | G12: Loss of NCQA accreditation | H12: Loss of NCQA accreditation | I12: Loss of NCQA accreditation | J12: Loss of NCQA accreditation | K12: Loss of NCQA accreditation | L12: Loss of NCQA accreditation
A13: D3.VIII.5 | B13: Instances of non-compliance | C13: How many instances were there of non-compliance in the reporting year? Add a number. | D13: 1 | E13: 1 | F13: 1 | G13: 1 | H13: 1 | I13: 1 | J13: 1 | K13: 1 | L13: 1
A14: D3.VIII.6 | B14: Sanction amount | C14: Add a dollar amount. Choose N/A for sanctions that do not carry financial penalties. | D14: N/A | E14: N/A | F14: N/A | G14: N/A | H14: N/A | I14: N/A | J14: N/A | K14: N/A | L14: N/A
A15: D3.VIII.7 | B15: Date assessed | C15: When was the plan sanctioned? Select a date. | D15: 45036 | E15: 45495 | F15: 45495 | G15: 45495 | H15: 45495 | I15: 45495 | J15: 45495 | K15: 45495 | L15: 45495
A16: D3.VIII.8 | B16: Remediation | C16: Was the non-compliance remediated? | D16: Yes, remediated | E16: Yes, remediated | F16: Yes, remediated | G16: Yes, remediated | H16: Yes, remediated | I16: Yes, remediated | J16: Yes, remediated | K16: Yes, remediated | L16: Yes, remediated
A17: D3.VIII.8a | B17: Remediation date non-compliance was corrected | C17: If the response to D3.VIII.8a is "Yes, remediated", what day was it remediated, i.e. when was the non-compliance corrected? Provide a date. | D17: 45530 | E17: 45691 | F17: 45691 | G17: 45691 | H17: 45691 | I17: 45691 | J17: 45691 | K17: 45691 | L17: 45691
A18: D3.VIII.9 | B18: Corrective action plan | C18: Has the state sanctioned the plan within the previous two years, (e.g. corrective action plans or other informal interventions such as special outreach, focused technical assistance)? | D18: Yes | E18: No | F18: No | G18: No | H18: No | I18: No | J18: No | K18: No | L18: No

Sheet D4_Plan_ILOS
A1: [D4] Plan-Level, ILOS
A2: # | B2: Indicator | C2: Instruction | D2: =IF(A_Program_Info!$D12="","[Plan 1]",A_Program_Info!$D12) -> Be Healthy Partnership Plan | E2: =IF(A_Program_Info!$D13="","[Plan 2]",A_Program_Info!$D13) -> Berkshire Fallon Health Collaborative | F2: =IF(A_Program_Info!$D14="","[Plan 3]",A_Program_Info!$D14) -> Fallon 365 Care | G2: =IF(A_Program_Info!$D15="","[Plan 4]",A_Program_Info!$D15) -> Fallon Health-Atrius Health Care Collaborative | H2: =IF(A_Program_Info!$D16="","[Plan 5]",A_Program_Info!$D16) -> Mass General Brigham Health Plan with Mass General Brigham ACO | I2: =IF(A_Program_Info!$D17="","[Plan 6]",A_Program_Info!$D17) -> Tufts Health Together with Cambridge Health Alliance (CHA) | J2: =IF(A_Program_Info!$D18="","[Plan 7]",A_Program_Info!$D18) -> Tufts Health Together with UMass Memorial Health | K2: =IF(A_Program_Info!$D19="","[Plan 8]",A_Program_Info!$D19) -> East Boston Neighborhood Health WellSense Alliance | L2: =IF(A_Program_Info!$D20="","[Plan 9]",A_Program_Info!$D20) -> WellSense Beth Israel Lahey Health (BILH) Performance Network ACO | M2: =IF(A_Program_Info!$D21="","[Plan 10]",A_Program_Info!$D21) -> WellSense Boston Children's ACO
A3: =IF(OR(ISBLANK(A_Program_Info!D12),ISBLANK(A_Program_Info!D57)),"This program is missing plans and/or ILOSs. If ILOSs are authorized for this program, you won't be able to complete this section until you've added all the names of plans and authorized ILOSs for this program in tab A_Program_Info.","") -> This program is missing plans and/or ILOSs. If ILOSs are authorized for this program, you won't be able to complete this section until you've added all the names of plans and authorized ILOSs for this program in tab A_Program_Info.
A4: =IF(OR(ISBLANK(A_Program_Info!D12),ISBLANK(A_Program_Info!D57)),"If ILOSs are not authorized for this program, proceed to the next section.","") -> If ILOSs are not authorized for this program, proceed to the next section.
A5: Instructions
A6: If ILOSs are authorized for this program, report for each plan: if the plan offered any ILOS; if "Yes," which ILOS the plan offered; and utilization data for each ILOS offered. After plan names are filled in on tab A_Program_Info, plan names will populate on this tab in columns D onward. If the plan offered an ILOS during the reporting period but there was no utilization, select "Yes" that the ILOS was offered but enter "0" for utilization.
A7: XI. ILOS
A8: Beginning December 2025, this section must be completed by states that authorize ILOS. Submission of this data before December 2025 is optional.
A9: D4.XI.1 | B9: ILOSs offered by plan | C9: Indicate whether this plan offered any ILOSs to their enrollees.
A10: D4.XI.2a | B10: =_xlfn.CONCAT(IF(A_Program_Info!$D57="","[ILOS 1]",_xlfn.CONCAT("""",A_Program_Info!$D57,"""")), " offered by plan") -> [ILOS 1] offered by plan | C10: If you answered "Yes" to D4.XI.1, select whether this ILOS was offered by the plan during the contract rating period.
A11: D4.XI.2b | B11: =_xlfn.CONCAT(IF(A_Program_Info!$D57="","[ILOS 1]",_xlfn.CONCAT("""",A_Program_Info!$D57,"""")), " utilization by plan") -> [ILOS 1] utilization by plan | C11: If you answered "Yes" to D4.XI.2a above, enter the deduplicated number of enrollees that utilized this ILOS during the contract rating period. If the plan offered this ILOS during the contract rating period but there was no utilization, enter "0."
A12: D4.XI.2a | B12: =_xlfn.CONCAT(IF(A_Program_Info!$D58="","[ILOS 2]",_xlfn.CONCAT("""",A_Program_Info!$D58,"""")), " offered by plan") -> [ILOS 2] offered by plan | C12: If you answered "Yes" to D4.XI.1, select whether this ILOS was offered by the plan during the contract rating period.
A13: D4.XI.2b | B13: =_xlfn.CONCAT(IF(A_Program_Info!$D58="","[ILOS 2]",_xlfn.CONCAT("""",A_Program_Info!$D58,"""")), " utilization by plan") -> [ILOS 2] utilization by plan | C13: If you answered "Yes" to D4.XI.2a above, enter the deduplicated number of enrollees that utilized this ILOS during the contract rating period. If the plan offered this ILOS during the contract rating period but there was no utilization, enter "0."
A14: D4.XI.2a | B14: =_xlfn.CONCAT(IF(A_Program_Info!$D59="","[ILOS 3]",_xlfn.CONCAT("""",A_Program_Info!$D59,"""")), " offered by plan") -> [ILOS 3] offered by plan | C14: If you answered "Yes" to D4.XI.1, select whether this ILOS was offered by the plan during the contract rating period.
A15: D4.XI.2b | B15: =_xlfn.CONCAT(IF(A_Program_Info!$D59="","[ILOS 3]",_xlfn.CONCAT("""",A_Program_Info!$D59,"""")), " utilization by plan") -> [ILOS 3] utilization by plan | C15: If you answered "Yes" to D4.XI.2a above, enter the deduplicated number of enrollees that utilized this ILOS during the contract rating period. If the plan offered this ILOS during the contract rating period but there was no utilization, enter "0."
A16: D4.XI.2a | B16: =_xlfn.CONCAT(IF(A_Program_Info!$D60="","[ILOS 4]",_xlfn.CONCAT("""",A_Program_Info!$D60,"""")), " offered by plan") -> [ILOS 4] offered by plan | C16: If you answered "Yes" to D4.XI.1, select whether this ILOS was offered by the plan during the contract rating period.
A17: D4.XI.2b | B17: =_xlfn.CONCAT(IF(A_Program_Info!$D60="","[ILOS 4]",_xlfn.CONCAT("""",A_Program_Info!$D60,"""")), " utilization by plan") -> [ILOS 4] utilization by plan | C17: If you answered "Yes" to D4.XI.2a above, enter the deduplicated number of enrollees that utilized this ILOS during the contract rating period. If the plan offered this ILOS during the contract rating period but there was no utilization, enter "0."
A18: D4.XI.2a | B18: =_xlfn.CONCAT(IF(A_Program_Info!$D61="","[ILOS 5]",_xlfn.CONCAT("""",A_Program_Info!$D61,"""")), " offered by plan") -> [ILOS 5] offered by plan | C18: If you answered "Yes" to D4.XI.1, select whether this ILOS was offered by the plan during the contract rating period.
A19: D4.XI.2b | B19: =_xlfn.CONCAT(IF(A_Program_Info!$D61="","[ILOS 5]",_xlfn.CONCAT("""",A_Program_Info!$D61,"""")), " utilization by plan") -> [ILOS 5] utilization by plan | C19: If you answered "Yes" to D4.XI.2a above, enter the deduplicated number of enrollees that utilized this ILOS during the contract rating period. If the plan offered this ILOS during the contract rating period but there was no utilization, enter "0."
A20: D4.XI.2a | B20: =_xlfn.CONCAT(IF(A_Program_Info!$D62="","[ILOS 6]",_xlfn.CONCAT("""",A_Program_Info!$D62,"""")), " offered by plan") -> [ILOS 6] offered by plan | C20: If you answered "Yes" to D4.XI.1, select whether this ILOS was offered by the plan during the contract rating period.
A21: D4.XI.2b | B21: =_xlfn.CONCAT(IF(A_Program_Info!$D62="","[ILOS 6]",_xlfn.CONCAT("""",A_Program_Info!$D62,"""")), " utilization by plan") -> [ILOS 6] utilization by plan | C21: If you answered "Yes" to D4.XI.2a above, enter the deduplicated number of enrollees that utilized this ILOS during the contract rating period. If the plan offered this ILOS during the contract rating period but there was no utilization, enter "0."
A22: D4.XI.2a | B22: =_xlfn.CONCAT(IF(A_Program_Info!$D63="","[ILOS 7]",_xlfn.CONCAT("""",A_Program_Info!$D63,"""")), " offered by plan") -> [ILOS 7] offered by plan | C22: If you answered "Yes" to D4.XI.1, select whether this ILOS was offered by the plan during the contract rating period.
A23: D4.XI.2b | B23: =_xlfn.CONCAT(IF(A_Program_Info!$D63="","[ILOS 7]",_xlfn.CONCAT("""",A_Program_Info!$D63,"""")), " utilization by plan") -> [ILOS 7] utilization by plan | C23: If you answered "Yes" to D4.XI.2a above, enter the deduplicated number of enrollees that utilized this ILOS during the contract rating period. If the plan offered this ILOS during the contract rating period but there was no utilization, enter "0."
A24: D4.XI.2a | B24: =_xlfn.CONCAT(IF(A_Program_Info!$D64="","[ILOS 8]",_xlfn.CONCAT("""",A_Program_Info!$D64,"""")), " offered by plan") -> [ILOS 8] offered by plan | C24: If you answered "Yes" to D4.XI.1, select whether this ILOS was offered by the plan during the contract rating period.
A25: D4.XI.2b | B25: =_xlfn.CONCAT(IF(A_Program_Info!$D64="","[ILOS 8]",_xlfn.CONCAT("""",A_Program_Info!$D64,"""")), " utilization by plan") -> [ILOS 8] utilization by plan | C25: If you answered "Yes" to D4.XI.2a above, enter the deduplicated number of enrollees that utilized this ILOS during the contract rating period. If the plan offered this ILOS during the contract rating period but there was no utilization, enter "0."
A26: D4.XI.2a | B26: =_xlfn.CONCAT(IF(A_Program_Info!$D65="","[ILOS 9]",_xlfn.CONCAT("""",A_Program_Info!$D65,"""")), " offered by plan") -> [ILOS 9] offered by plan | C26: If you answered "Yes" to D4.XI.1, select whether this ILOS was offered by the plan during the contract rating period.
A27: D4.XI.2b | B27: =_xlfn.CONCAT(IF(A_Program_Info!$D65="","[ILOS 9]",_xlfn.CONCAT("""",A_Program_Info!$D65,"""")), " utilization by plan") -> [ILOS 9] utilization by plan | C27: If you answered "Yes" to D4.XI.2a above, enter the deduplicated number of enrollees that utilized this ILOS during the contract rating period. If the plan offered this ILOS during the contract rating period but there was no utilization, enter "0."
A28: D4.XI.2a | B28: =_xlfn.CONCAT(IF(A_Program_Info!$D66="","[ILOS 10]",_xlfn.CONCAT("""",A_Program_Info!$D66,"""")), " offered by plan") -> [ILOS 10] offered by plan | C28: If you answered "Yes" to D4.XI.1, select whether this ILOS was offered by the plan during the contract rating period.
A29: D4.XI.2b | B29: =_xlfn.CONCAT(IF(A_Program_Info!$D66="","[ILOS 10]",_xlfn.CONCAT("""",A_Program_Info!$D66,"""")), " utilization by plan") -> [ILOS 10] utilization by plan | C29: If you answered "Yes" to D4.XI.2a above, enter the deduplicated number of enrollees that utilized this ILOS during the contract rating period. If the plan offered this ILOS during the contract rating period but there was no utilization, enter "0."
A30: D4.XI.2a | B30: =_xlfn.CONCAT(IF(A_Program_Info!$D67="","[ILOS 11]",_xlfn.CONCAT("""",A_Program_Info!$D67,"""")), " offered by plan") -> [ILOS 11] offered by plan | C30: If you answered "Yes" to D4.XI.1, select whether this ILOS was offered by the plan during the contract rating period.
A31: D4.XI.2b | B31: =_xlfn.CONCAT(IF(A_Program_Info!$D67="","[ILOS 11]",_xlfn.CONCAT("""",A_Program_Info!$D67,"""")), " utilization by plan") -> [ILOS 11] utilization by plan | C31: If you answered "Yes" to D4.XI.2a above, enter the deduplicated number of enrollees that utilized this ILOS during the contract rating period. If the plan offered this ILOS during the contract rating period but there was no utilization, enter "0."
A32: D4.XI.2a | B32: =_xlfn.CONCAT(IF(A_Program_Info!$D68="","[ILOS 12]",_xlfn.CONCAT("""",A_Program_Info!$D68,"""")), " offered by plan") -> [ILOS 12] offered by plan | C32: If you answered "Yes" to D4.XI.1, select whether this ILOS was offered by the plan during the contract rating period.
A33: D4.XI.2b | B33: =_xlfn.CONCAT(IF(A_Program_Info!$D68="","[ILOS 12]",_xlfn.CONCAT("""",A_Program_Info!$D68,"""")), " utilization by plan") -> [ILOS 12] utilization by plan | C33: If you answered "Yes" to D4.XI.2a above, enter the deduplicated number of enrollees that utilized this ILOS during the contract rating period. If the plan offered this ILOS during the contract rating period but there was no utilization, enter "0."
A34: D4.XI.2a | B34: =_xlfn.CONCAT(IF(A_Program_Info!$D69="","[ILOS 13]",_xlfn.CONCAT("""",A_Program_Info!$D69,"""")), " offered by plan") -> [ILOS 13] offered by plan | C34: If you answered "Yes" to D4.XI.1, select whether this ILOS was offered by the plan during the contract rating period.
A35: D4.XI.2b | B35: =_xlfn.CONCAT(IF(A_Program_Info!$D69="","[ILOS 13]",_xlfn.CONCAT("""",A_Program_Info!$D69,"""")), " utilization by plan") -> [ILOS 13] utilization by plan | C35: If you answered "Yes" to D4.XI.2a above, enter the deduplicated number of enrollees that utilized this ILOS during the contract rating period. If the plan offered this ILOS during the contract rating period but there was no utilization, enter "0."
A36: D4.XI.2a | B36: =_xlfn.CONCAT(IF(A_Program_Info!$D70="","[ILOS 14]",_xlfn.CONCAT("""",A_Program_Info!$D70,"""")), " offered by plan") -> [ILOS 14] offered by plan | C36: If you answered "Yes" to D4.XI.1, select whether this ILOS was offered by the plan during the contract rating period.
A37: D4.XI.2b | B37: =_xlfn.CONCAT(IF(A_Program_Info!$D70="","[ILOS 14]",_xlfn.CONCAT("""",A_Program_Info!$D70,"""")), " utilization by plan") -> [ILOS 14] utilization by plan | C37: If you answered "Yes" to D4.XI.2a above, enter the deduplicated number of enrollees that utilized this ILOS during the contract rating period. If the plan offered this ILOS during the contract rating period but there was no utilization, enter "0."
A38: D4.XI.2a | B38: =_xlfn.CONCAT(IF(A_Program_Info!$D71="","[ILOS 15]",_xlfn.CONCAT("""",A_Program_Info!$D71,"""")), " offered by plan") -> [ILOS 15] offered by plan | C38: If you answered "Yes" to D4.XI.1, select whether this ILOS was offered by the plan during the contract rating period.
A39: D4.XI.2b | B39: =_xlfn.CONCAT(IF(A_Program_Info!$D71="","[ILOS 15]",_xlfn.CONCAT("""",A_Program_Info!$D71,"""")), " utilization by plan") -> [ILOS 15] utilization by plan | C39: If you answered "Yes" to D4.XI.2a above, enter the deduplicated number of enrollees that utilized this ILOS during the contract rating period. If the plan offered this ILOS during the contract rating period but there was no utilization, enter "0."
A40: D4.XI.2a | B40: =_xlfn.CONCAT(IF(A_Program_Info!$D72="","[ILOS 16]",_xlfn.CONCAT("""",A_Program_Info!$D72,"""")), " offered by plan") -> [ILOS 16] offered by plan | C40: If you answered "Yes" to D4.XI.1, select whether this ILOS was offered by the plan during the contract rating period.
A41: D4.XI.2b | B41: =_xlfn.CONCAT(IF(A_Program_Info!$D72="","[ILOS 16]",_xlfn.CONCAT("""",A_Program_Info!$D72,"""")), " utilization by plan") -> [ILOS 16] utilization by plan | C41: If you answered "Yes" to D4.XI.2a above, enter the deduplicated number of enrollees that utilized this ILOS during the contract rating period. If the plan offered this ILOS during the contract rating period but there was no utilization, enter "0."
A42: D4.XI.2a | B42: =_xlfn.CONCAT(IF(A_Program_Info!$D73="","[ILOS 17]",_xlfn.CONCAT("""",A_Program_Info!$D73,"""")), " offered by plan") -> [ILOS 17] offered by plan | C42: If you answered "Yes" to D4.XI.1, select whether this ILOS was offered by the plan during the contract rating period.
A43: D4.XI.2b | B43: =_xlfn.CONCAT(IF(A_Program_Info!$D73="","[ILOS 17]",_xlfn.CONCAT("""",A_Program_Info!$D73,"""")), " utilization by plan") -> [ILOS 17] utilization by plan | C43: If you answered "Yes" to D4.XI.2a above, enter the deduplicated number of enrollees that utilized this ILOS during the contract rating period. If the plan offered this ILOS during the contract rating period but there was no utilization, enter "0."
A44: D4.XI.2a | B44: =_xlfn.CONCAT(IF(A_Program_Info!$D74="","[ILOS 18]",_xlfn.CONCAT("""",A_Program_Info!$D74,"""")), " offered by plan") -> [ILOS 18] offered by plan | C44: If you answered "Yes" to D4.XI.1, select whether this ILOS was offered by the plan during the contract rating period.
A45: D4.XI.2b | B45: =_xlfn.CONCAT(IF(A_Program_Info!$D74="","[ILOS 18]",_xlfn.CONCAT("""",A_Program_Info!$D74,"""")), " utilization by plan") -> [ILOS 18] utilization by plan | C45: If you answered "Yes" to D4.XI.2a above, enter the deduplicated number of enrollees that utilized this ILOS during the contract rating period. If the plan offered this ILOS during the contract rating period but there was no utilization, enter "0."
A46: D4.XI.2a | B46: =_xlfn.CONCAT(IF(A_Program_Info!$D75="","[ILOS 19]",_xlfn.CONCAT("""",A_Program_Info!$D75,"""")), " offered by plan") -> [ILOS 19] offered by plan | C46: If you answered "Yes" to D4.XI.1, select whether this ILOS was offered by the plan during the contract rating period.
A47: D4.XI.2b | B47: =_xlfn.CONCAT(IF(A_Program_Info!$D75="","[ILOS 19]",_xlfn.CONCAT("""",A_Program_Info!$D75,"""")), " utilization by plan") -> [ILOS 19] utilization by plan | C47: If you answered "Yes" to D4.XI.2a above, enter the deduplicated number of enrollees that utilized this ILOS during the contract rating period. If the plan offered this ILOS during the contract rating period but there was no utilization, enter "0."
A48: D4.XI.2a | B48: =_xlfn.CONCAT(IF(A_Program_Info!$D76="","[ILOS 20]",_xlfn.CONCAT("""",A_Program_Info!$D76,"""")), " offered by plan") -> [ILOS 20] offered by plan | C48: If you answered "Yes" to D4.XI.1, select whether this ILOS was offered by the plan during the contract rating period.
A49: D4.XI.2b | B49: =_xlfn.CONCAT(IF(A_Program_Info!$D76="","[ILOS 20]",_xlfn.CONCAT("""",A_Program_Info!$D76,"""")), " utilization by plan") -> [ILOS 20] utilization by plan | C49: If you answered "Yes" to D4.XI.2a above, enter the deduplicated number of enrollees that utilized this ILOS during the contract rating period. If the plan offered this ILOS during the contract rating period but there was no utilization, enter "0."

Sheet E_BSS_Entities
A1: [E] Beneficiary Support System (BSS) Entities, Set Indicators
A2: # | B2: Indicator | C2: Instruction | D2: =IF(A_Program_Info!$D47="","[BSS Entity 1]",A_Program_Info!$D47) -> Automated Health Systems (AHS) | E2: =IF(A_Program_Info!$D48="","[BSS Entity 2]",A_Program_Info!$D48) -> My Ombudsman | F2: =IF(A_Program_Info!$D49="","[BSS Entity 3]",A_Program_Info!$D49) -> [BSS Entity 3] | G2: =IF(A_Program_Info!$D50="","[BSS Entity 4]",A_Program_Info!$D50) -> [BSS Entity 4] | H2: =IF(A_Program_Info!$D51="","[BSS Entity 5]",A_Program_Info!$D51) -> [BSS Entity 5] | I2: =IF(A_Program_Info!$D52="","[BSS Entity 6]",A_Program_Info!$D52) -> [BSS Entity 6] | J2: =IF(A_Program_Info!$D53="","[BSS Entity 7]",A_Program_Info!$D53) -> [BSS Entity 7] | K2: =IF(A_Program_Info!$D54="","[BSS Entity 8]",A_Program_Info!$D54) -> [BSS Entity 8] | L2: =IF(A_Program_Info!$D55="","[BSS Entity 9]",A_Program_Info!$D55) -> [BSS Entity 9] | M2: =IF(A_Program_Info!D56="","[BSS Entity 10]",A_Program_Info!D56) -> [BSS Entity 10]
A3: Background
A4: Per 42 CFR 438.66(e)(2)(ix), the Managed Care Program Annual Report must provide information on and an assessment of the operation of the managed care program including activities and performance of the beneficiary support system. Information on how BSS entities support program-level functions is reported in tab C1, Topic IX.
A5: IX. Beneficiary Support System (BSS)
A6: E.IX.1 | B6: BSS entity type | C6: What type of entity performed each BSS activity? Select multiple and/or use free text for "other". Refer to 42 CFR 438.71(b). | D6: Enrollment Broker | E6: Ombudsman Program
A7: E.IX.2 | B7: BSS entity role | C7: What are the roles performed by the BSS entity? Select multiple and/or use free text for "other". Refer to 42 CFR 438.71(b). | D7: Other (free text, specify) | E7: Other (free text, specify)
D8: Enrollment Broker/Choice Counseling | E8: Beneficiary Outreach
E9: Will also select "Other Community Based Organization" for line 6
E11: In the submission portal for Row 7 will add "beneficiary outreach", "assistance with any issues or complaints accessing managed care benefits or services" and "collection and review of data"

Sheet Glossary
A1: Glossary
A2: This tab defines key terms used in the workbook. DO NOT INPUT INFORMATION INTO THIS TAB.
A4: Term | B4: Acronym | C4: Definition/ specification
A5: Applicable integrated plan | B5: AIP | C5: As defined at 42 CFR 422.561, applicable integrated plans means: (1) a FIDE SNP with exclusively aligned enrollment or a HIDE SNP with exclusively aligned enrollment; and (2) the Medicaid MCO through which such dual eligible special needs plan, its parent organization, or another entity that is owned and controlled by its parent organization covered Medicaid services for dually eligible individuals enrolled in such dual eligible special needs plan and such Medicaid MCO.
A6: Beneficiary Support System | B6: BSS | C6: As defined at 42 CFR 438.71, a BSS provides support to beneficiaries both prior to and after enrollment in a MCO, PIHP, PAHP, PCCM or PCCM entity. The BSS must provide at a minimum: (i) Choice counseling for all beneficiaries, (ii) Assistance for enrollees in understanding managed care. (iii) Assistance as specified for enrollees who use, or express a desire to receive, LTSS in paragraph (d) of this section. (2) The beneficiary support system must perform outreach to beneficiaries and/or authorized representatives and be accessible in multiple ways including phone, Internet, in-person, and via auxiliary aids and services when requested....(d) Functions specific to LTSS activities: (1) An access point for complaints and concerns about plan enrollment, access to covered services, and other related matters. (2) Education on enrollees' grievance and appeal rights; the State fair hearing process; enrollee rights and responsibilities; and additional resources outside of the MCO, PIHP or PAHP. (3) Assistance, upon request, in navigating the plan grievance and appeal process, as well as appealing adverse benefit determinations by a plan to a State fair hearing. (4) Review and oversight of LTSS program data to provide guidance to the State Medicaid Agency on identification, remediation and resolution of systemic issues.
A7: Corrective action plan | B7: CAP | C7: A corrective action plan is a step by step plan of action that is developed to achieve targeted outcomes for resolution of identified errors in an effort to: (1) identify the most cost-effective actions that can be implemented to correct error causes; (2) develop and implement a plan of action to improve processes or methods so that outcomes are more effective and efficient; (3) achieve measurable improvement in the highest priority areas; and (4) eliminate repeated deficient practices.
A8: Critical incident | B8: -- | C8: CMS uses the term "critical incident" to refer to events that adversely impact enrollee health and welfare and the achievement of quality outcomes identified in the person‐centered plan. However, the exact definition of "critical incident" and the categories that managed care plans are required to report is defined by each state.
A9: Encounter data validation | B9: -- | C9: The act of verifying the accuracy, completeness, timeliness, and/or consistency of encounter data records submitted to the state by Medicaid managed care plans. Validation steps may include pre-acceptance edits and post-acceptance analyses. See the 2019 State Toolkit for Validating Medicaid Encounter Data for examples of intrafield, interfield, interfile and intersource validation tests that states can use to evaluate encounter data quality. The toolkit is available at: https://www.medicaid.gov/medicaid/downloads/ed-validation-toolkit.pdf.
A10: Fully integrated dual eligible special needs plan | B10: FIDE SNP | C10: Addition: As defined at 42 CFR 422.2, FIDE SNP means a dual eligible special needs plan - (1) that provides dual eligible individuals access to Medicare and Medicaid benefits under a single entity that holds both a Medicare Advantage contract with CMS and a Medicaid MCO contract under section 1903(m) of the Social Security Act with the applicable State; (2) whose capitated contract with the State Medicaid agency provides coverage, consistent with State policy, of specified primary care, acute care, behavioral health, and long-term services and supports, and provides coverage of nursing facility services for a period of at least 180 days during the plan year; (3) that coordinates the delivery of covered Medicare and Medicaid services using aligned care management and specialty care network methods for high-risk beneficiaries; and (4) that employs policies and procedures approved by CMS and the State to coordinate or integrate beneficiary communication materials, enrollment, communications, grievance and appeals, and quality improvement.
A11: Highly integrated dual eligible special needs plan | B11: HIDE SNP | C11: As defined at 42 CFR 422.2, HIDE SNP means a dual eligible special needs plan offered by a Medicare Advantage organization that provides coverage, consistent with State policy, of long-term services and supports, behavioral health services, or both, under a capitated contract that meets one of the following arrangements: (1) the capitated contract is between the Medicare Advantage organization and the Medicaid agency; or (2) the capitated contract is between the Medicare Advantage organization's parent organization (or another entity that is owned and controlled by its parent organization) and the Medicaid agency.
A12: LTSS user | B12: -- | C12: An LTSS user is an enrollee who received at least one LTSS service at any point during the reporting year (regardless of whether the enrollee was actively receiving LTSS at the time that the grievance was filed).
A13: Managed care organization | B13: MCO | C13: Consistent with 42 CFR 438.2, Managed care organization (MCO) means an entity that has, or is seeking to qualify for, a comprehensive risk contract under this part, and that is (1) A Federally qualified HMO that meets the advance directives requirements of subpart I of part 489 of this chapter; or (2) Any public or private entity that meets the advance directives requirements and is determined by the Secretary to also meet the following conditions: (i) Makes the services it provides to its Medicaid enrollees as accessible (in terms of timeliness, amount, duration, and scope) as those services are to other Medicaid beneficiaries within the area served by the entity, (ii) Meets the solvency standards of § 438.116.
A14: Managed care plan | B14: MCP | C14: Consistent with 42 CFR 438.66, this document uses the term “managed care plan” to refer to MCO, PIHP, PAHP, and PCCM entities
A15: Managed care program | B15: -- | C15: Consistent with 42 CFR 438.2, managed care program means a managed care delivery system operated by a State as authorized under sections 1915(a), 1915(b), 1932(a), or 1115(a) of the Act. For purposes of the MCPAR, a program is defined by a specified set of benefits and eligibility criteria that is articulated in a contract between the state and managed care plans, and that has associated rate cells.
... A26: Risk-based capital | B26: RBC | C26: Risk-based capital (RBC) measures the percentage of the required minimum capital that the MCP is holding. The MCP’s minimum capital is calculated using a standard formula that measures the risk of insolvency.
A27: Sanction | C27: A sanction is an enforcement action taken against a managed care plan. Such actions include monetary and other forms of remedies, such as suspending all or part of new member enrollments, and suspending or terminating all or part of the contract.

Sheet Crosswalk
A1: Crosswalk of MCPAR indicators by tab | E1: Tab identifier Ø | F1: A | G1: B | H1: C1 | I1: C2 | J1: D1 | K1: D2 | L1: D3 | M1: D4 | N1: E
E4: Reporting level Ø | F4: Cover sheet | G4: State-level | H4: Program-level | J4: Plan-level | N4: BSS-level
E5: Indicator type* Ø | F5: Set | G5: Set | H5: Set | I5: Free | J5: Set | K5: Free | M5: Set | N5: Set
A6: # | B6: Indicator | C6: Instructions and definition | D6: Copied Over | E6: Data format
A7: n/a | B7: Identifying information on the state, program, plan, and BSS being reported | D7: If state chooses copy-over option in MDCT, a Y in this field means the response is copied from previous year. | F7: X
A8: n/a | B8: Point of contact and email address | C8: (see Tab A) | D8: N | E8: Free text + Email address | F8: X
A9: n/a | B9: Date of report submission | C9: (see Tab A) | D9: N | E9: Date field | F9: X
A10: n/a | B10: Reporting period start and end date | C10: (see Tab A) | D10: N | E10: Date fields | F10: X
A11: n/a | B11: Name of the state, program, plans, BSS entities, and ILOS being reported on | C11: (see Tab A) | D11: Y | E11: Free text | F11: X
A12: I | B12: Program Characteristics and Enrollment** | G12: X | H12: X | J12: X
A13: B.I.1 | B13: Statewide Medicaid enrollment | C13: =B_State!C4 -> Enter the average number of individuals enrolled in Medicaid per month during the reporting year (i.e., average member months). Include all FFS and managed care enrollees and count each person only once, regardless of the delivery system(s) in which they are enrolled. | D13: N | E13: Count | G13: X
A14: B.I.2 | B14: Statewide Medicaid managed care enrollment | C14: =B_State!C5 -> Enter the average number of individuals enrolled in any type of Medicaid managed care per month during the reporting year (i.e., average member months). Include all managed care programs and count each person only once, even if they are enrolled in multiple managed care programs or plans. | D14: N | E14: Count | G14: X
A15: C1.I.1 | B15: Program contract | C15: ='C1_Program_Set'!C4 -> Enter the title and date of the contract between the state and plans participating in the managed care program. | D15: N | E15: Free Text | H15: X
A16: C1.I.2 | B16: Contract URL | C16: ='C1_Program_Set'!C5 -> Provide the hyperlink to the model contract or landing page for executed contracts for the program reported in this program. | D16: N | E16: Free Text (hyperlink) | H16: X
A17: C1.I.3 | B17: Program type | C17: ='C1_Program_Set'!C6 -> What is the type of MCPs that contract with the state to provide the services covered under the program? Select one. | D17: Y | E17: Set values (select one) | H17: X
A18: C1.I.4.a | B18: Special program benefits | C18: ='C1_Program_Set'!C7 -> Are any of the four special benefit types covered by the managed care program: (1) behavioral health, (2) long-term services and supports, (3) dental, and (4) transportation, or (5) none of the above? Select one or more. Only list the benefit type if it is a covered service as specified in a contract between the state and managed care plans participating in the program. Benefits available to eligible program enrollees via fee-for-service should not be listed here. | D18: Y | E18: Set values (select multiple) | H18: X
A19: C1.I.4.b | B19: Variation in special benefits | C19: ='C1_Program_Set'!C8 -> Are there any variations in the availability of special benefits within the program (e.g. by service area or population)? Enter "N/A" if not applicable. | D19: Y | E19: Free text | H19: X
A20: C1.I.5 | B20: Program enrollment | C20: ='C1_Program_Set'!C9 -> Enter the average number of individuals enrolled in this managed care program per month during the reporting year (i.e., average member months). | D20: N | E20: Count | H20: X
A21: C1.I.6 | B21: Changes to enrollment or benefits | C21: ='C1_Program_Set'!C10 -> Briefly explain any major changes to the population enrolled in or benefits provided by the managed care program during the reporting year. If there were no major changes, please enter 'There were no major changes to the population or benefits during the reporting year' as your response. 'N/A' is not an acceptable response. | D21: N | E21: Free text | H21: X
A22: D1.I.1 | B22: Plan enrollment | C22: =D1_Plan_Set!C4 -> Enter the average number of individuals enrolled in the plan per month during the reporting year (i.e., average member months). | D22: N | E22: Count | J22: X
A23: D1.I.2 | B23: Plan share of Medicaid | C23: =D1_Plan_Set!C5 -> Automatically calculated. Sum of plan enrollment (within the specific program) as a percentage of the state's total Medicaid enrollment. • Numerator: Plan enrollment (D1.I.1) • Denominator: Statewide Medicaid enrollment (B.I.1) | D23: N | E23: Percentage (calculated) Note: No data entry required; this cell is autopopulated | J23: X
A24: D1.I.3 | B24: Plan share of any Medicaid managed care | C24: =D1_Plan_Set!C6 -> Automatically calculated. Sum of plan enrollment (regardless of program) as a percentage of total Medicaid enrollment in any type of managed care. • Numerator: Plan enrollment (D1.I.1) • Denominator: Statewide Medicaid managed care enrollment (B.I.2) | D24: N | E24: Percentage (calculated) Note: No data entry required; this cell is autopopulated | J24: X
A25: II | B25: Financial Performance | J25: X
A26: D1.II.1a | B26: Medical Loss Ratio (MLR) | C26: =D1_Plan_Set!C8 -> What is the MLR percentage? Per 42 CFR 438.66(e)(2)(i), the Managed Care Program Annual Report must provide information on the Financial performance of each MCO, PIHP, and PAHP, including MLR experience. If MLR data are not available for this reporting period due to data lags, enter the MLR calculated for the most recently available reporting period and indicate the reporting period in item D1.II.3 below. See Glossary in Excel Workbook for the regulatory definition of MLR. Write MLR as a percentage: for example, write 92% rather than 0.92. | D26: N | E26: Percentage | J26: X
A27: D1.II.1b | B27: Level of aggregation | C27: =D1_Plan_Set!C9 -> What is the aggregation level that best describes the MLR being reported in the previous indicator? Select one. As permitted under 42 CFR 438.8(i), states are allowed to aggregate data for reporting purposes across programs and populations. | D27: Y | E27: Set values (select one) or use free text for "other" response | J27: X
A28: D1.II.2 | B28: Population specific MLR description | C28: =D1_Plan_Set!C10 -> Does the state require plans to submit separate MLR calculations for specific populations served within this program, for example, MLTSS or Group VIII expansion enrollees? If so, describe the populations here. Enter "N/A" if not applicable. See glossary for the regulatory definition of MLR. | D28: Y | E28: Free text | J28: X
A29: D1.II.3 | B29: MLR reporting period discrepancies | C29: =D1_Plan_Set!C11 -> If the data reported in item D1.II.1a covers a different time period than the MCPAR report, enter the start and end date for that data. | D29: N | E29: Free text | J29: X
A30: III | B30: Encounter Data Reporting | G30: X | H30: X | J30: X
A31: B.III.1 | B31: Data validation entity | C31: =B_State!C7 -> Select the state agency/division or contractor tasked with evaluating the validity of encounter data submitted by MCPs. Encounter data validation includes verifying the accuracy, completeness, timeliness, and/or consistency of encounter data records submitted to the state by Medicaid managed care plans. Validation steps may include pre-acceptance edits and post-acceptance analyses. (See Glossary definition for more information.) | D31: Y | E31: Set values (select multiple) or use free text for "other" response | G31: X
A32: B.III.2 | B32: HIPAA compliance of proprietary system(s) for encounter data validation | C32: =B_State!C8 -> If the state selected “proprietary system(s)” in previous question, were the system(s) utilized fully HIPAA compliant? Select one. | D32: Y | E32: Set values (select one) | G32: X
A33: C1.III.1 | B33: Uses of encounter data | C33: ='C1_Program_Set'!C12 -> For what purposes does the state use encounter data collected from managed care plans (MCPs)? Select one or more and/or use free text for "other". Federal regulations require that states, through their contracts with MCPs, collect and maintain sufficient enrollee encounter data to identify the provider who delivers any item(s) or service(s) to enrollees (42 CFR 438.242(c)(1)). | D33: Y | E33: Set values (select multiple) or use free text for "other" response | H33: X
A34: C1.III.2 | B34: Criteria/ measures used to evaluate MCP performance | C34: ='C1_Program_Set'!C13 -> What types of measures are used by the state to evaluate managed care plan performance in encounter data submission and correction? Select one or more and/or use free text for "other". Federal regulations also require that states validate that submitted enrollee encounter data they receive is a complete and accurate representation of the services provided to enrollees under the contract between the state and the MCO, PIHP, or PAHP. 42 CFR 438.242(d). | D34: Y | E34: Set values (select multiple) or use free text for "other" response | H34: X
A35: C1.III.3 | B35: Encounter data performance criteria contract language | C35: ='C1_Program_Set'!C14 -> Provide reference(s) to the contract section(s) that describe the criteria by which managed care plan performance on encounter data submission and correction will be measured. Use contract section references, not page numbers. | D35: Y | E35: Free text | H35: X
A36: C1.III.4 | B36: Financial penalties contract language | C36: ='C1_Program_Set'!C15 -> Provide reference(s) to the contract section(s) that describes any financial penalties the state may impose on plans for the types of failures to meet encounter data submission and quality standards. Use contract section references, not page numbers. | D36: Y | E36: Free text | H36: X
A37: C1.III.5 | B37: Incentives for encounter data quality | C37: ='C1_Program_Set'!C16 -> Describe the types of incentives that may be awarded to managed care plans for encounter data quality. Reply with N/A if the plan does not use incentives to award encounter data quality. | D37: Y | E37: Free text | H37: X
A38: C1.III.6 | B38: Barriers to collecting/validating encounter data | C38: ='C1_Program_Set'!C17 -> Describe any barriers to collecting and/or validating managed care plan encounter data that the state has experienced during the reporting year. If there were no barriers, please enter 'The state did not experience any barriers to collecting or validating encounter data during the reporting year' as your response. 'N/A' is not an acceptable response. | D38: N | E38: Free text | H38: X
A39: D.1.III.1 | B39: Definition of timely encounter data submissions | C39: =D1_Plan_Set!C13 -> Describe the state's standard for timely encounter data submissions used in this program. If reporting frequencies and standards differ by type of encounter within this program, please explain. | D39: Y | E39: Free text | J39: X
A40: D1.III.2 | B40: Share of encounter data submissions that met state’s timely submission requirements | C40: =D1_Plan_Set!C14 -> What percent of the plan’s encounter data file submissions (submitted during the reporting year) met state requirements for timely submission? If the state has not yet received any encounter data file submissions for the entire contract year when it submits this report, the state should enter here the percentage of encounter data submissions that were compliant out of the file submissions it has received from the managed care plan for the reporting year. | D40: N | E40: Percentage | J40: X
A41: D1.III.3 | B41: Share of encounter data submissions that were HIPAA compliant | C41: =D1_Plan_Set!C15 -> What percent of the plan’s encounter data submissions (submitted during the reporting year) met state requirements for HIPAA compliance? If the state has not yet received encounter data submissions for the entire contract period when it submits this report, enter here percentage of encounter data submissions that were compliant out of the proportion received from the managed care plan for the reporting year. | D41: N | E41: Percentage | J41: X
A42: IV | B42: Grievance, Appeals, and State Fair Hearings | H42: X | J42: X
A43: C1.IV.1 | B43: State's definition of "critical incident," as used for reporting purposes in its MLTSS program | C43: ='C1_Program_Set'!C19 -> If this report is being completed for a managed care program that covers LTSS, what is the definition that the state uses for "critical incidents" within the managed care program? Respond with "N/A" if the managed care program does not cover LTSS. | D43: Y | E43: Free text or N/A | H43: X
A44: C1.IV.2 | B44: State definition of "timely" resolution for standard appeals | C44: ='C1_Program_Set'!C20 -> Provide the state's definition of timely resolution for standard appeals in the managed care program. Per 42 CFR §438.408(b)(2), states must establish a timeframe for timely resolution of standard appeals that is no longer than 30 calendar days from the day the MCO, PIHP or PAHP receives the appeal. | D44: Y | E44: Free text | H44: X
A45: C1.IV.3 | B45: State definition of "timely" resolution for expedited appeals | C45: ='C1_Program_Set'!C21 -> Provide the state's definition of timely resolution for expedited appeals in the managed care program. Per 42 CFR §438.408(b)(3), states must establish a timeframe for timely resolution of expedited appeals that is no longer than 72 hours after the MCO, PIHP or PAHP receives the appeal. | D45: Y | E45: Free text | H45: X
A46: C1.IV.4 | B46: State definition of "timely" resolution for grievances | C46: ='C1_Program_Set'!C22 -> Provide the state's definition of timely resolution for grievances in the managed care program. Per 42 CFR §438.408(b)(1), states must establish a timeframe for timely resolution of grievances that is no longer than 90 calendar days from the day the MCO, PIHP or PAHP receives the grievance. | D46: Y | E46: Free text | H46: X
B47: Subtopic: Appeals | J47: X
A48: D1.IV.1 | B48: Appeals resolved (at the plan level) | C48: =D1_Plan_Set!C18 -> Enter the total number of appeals resolved during the reporting year. An appeal is "resolved" at the plan level when the plan has issued a decision, regardless of whether the decision was wholly or partially favorable or adverse to the beneficiary, and regardless of whether the beneficiary (or the beneficiary's representative) chooses to file a request for a State Fair Hearing or External Medical Review. | D48: N | E48: Count | J48: X
A49: =D1_Plan_Set!A20 -> D1.IV.1a | B49: =D1_Plan_Set!B20 -> Appeals denied | C49: =D1_Plan_Set!C20 -> Enter the total number of appeals resolved during the reporting period (D1.IV.1) that were denied (adverse) to the enrollee. If you choose not to respond prior to June 2025, enter "N/A." | D49: N | E49: Count | J49: X
A50: =D1_Plan_Set!A21 -> D1.IV.1b | B50: =D1_Plan_Set!B21 -> Appeals resolved in partial favor of enrollee | C50: =D1_Plan_Set!C21 -> Enter the total number of appeals (D1.IV.1) resolved during the reporting period in partial favor of the enrollee. If you choose not to respond prior to June 2025, enter "N/A." | D50: N | E50: Count | J50: X
A51: =D1_Plan_Set!A22 -> D1.IV.1c | B51: =D1_Plan_Set!B22 -> Appeals resolved in favor of enrollee | C51: =D1_Plan_Set!C22 -> Enter the total number of appeals (D1.IV.1) resolved during the reporting period in favor of the enrollee. If you choose not to respond prior to June 2025, enter "N/A." | D51: N | E51: Count | J51: X
A52: D1.IV.2 | B52: Active appeals | C52: =D1_Plan_Set!C23 -> Enter the total number of appeals still pending or in process (not yet resolved) as of the end of the reporting year. | D52: N | E52: Count | J52: X
